 Dungeon Crawl Stone Soup version 0.31-a0-149-g3fdcc5976a (webtiles) character file.

Game seed: 7179662534060477026

100861 qw the Marksminotaur (level 15, 149/149 HPs)
             Began as a Minotaur Hunter on June 7, 2023.
             Was an Elder of Okawaru.
             Quit the game on level 2 of the Snake Pit.
             The game lasted 00:16:16 (23315 turns).

qw the Marksminotaur (Minotaur Hunter)             Turns: 23315, Time: 00:16:16

Health: 149/149    AC: 14    Str: 17    XL:     15   Next: 81%
Magic:  21/21      EV: 24    Int:  9    God:    Okawaru [****..]
Gold:   2560       SH:  0    Dex: 23    Spells: 14/14 levels left

rFire   . . .        d - +9 arbalest of Parsimonious Valour {flame, rC+ rCorr Int+3 Dex-5}
rCold   + + .        (shield currently unavailable)
rNeg    . . .        x - +0 troll leather armour
rPois   .            (helmet unavailable)
rElec   .            e - +1 cloak
rCorr   +            l - +2 pair of gloves
SInv    .            c - +1 pair of boots
Will    ++...        (no amulet)
Stlth   ++           t - ring of Deptam {rC+ Str+2}
HPRegen 1.24/turn    m - +6 ring of dexterity
MPRegen 0.17/turn

%: no passive effects
@: no status effects
A: horns 3, retaliatory headbutt, deterioration 1, strong-willed 1, sense
surroundings 1
a: Renounce Religion, Heroism, Finesse


You were on level 2 of the Snake Pit.
You worshipped Okawaru.
Okawaru was greatly pleased with you.
You visited 5 branches of the dungeon, and saw 25 of its levels.

You collected 2560 gold pieces.


Innate Abilities, Weirdness & Mutations

You have a pair of large horns on your head.
You reflexively headbutt those who attack you in melee.
Your body sometimes deteriorates upon taking damage.
You are strong-willed. (Will+)
You passively map a small area around you.


   Skills:
 - Level 18.0 Fighting
 - Level 18.0 Ranged Weapons
 - Level 10.0 Armour
 + Level 15.0 Dodging
 - Level 0.7 Stealth
 - Level 10.0 Invocations


You had 14 spell levels left.
You didn't know any spells.
Your spell library was empty.

Inventory:

Hand Weapons
 d - the +9 arbalest of Parsimonious Valour (weapon) {flame, rC+ rCorr Int+3 Dex-5}
   (You found it on level 2 of the Lair of Beasts)

   Int:       It affects your intelligence (+3).
   Dex:       It affects your dexterity (-5).
   rC:        It protects you from cold.
   rCorr:     It protects you from acid and corrosion.
 f - a +0 orcbow of chaos
Armour
 c - a +1 pair of boots (worn)
 e - a +1 cloak (worn)
 i - a +2 robe of fire resistance
 l - a +2 pair of gloves (worn)
 x - a +0 troll leather armour (worn)
Jewellery
 m - a +6 ring of dexterity (right hand)
 n - a +6 ring of strength
 t - the ring of Deptam (left hand) {rC+ Str+2}
   (You found it on level 15 of the Dungeon)

   [ring of protection from cold]

   Str:       It affects your strength (+2).
   rC:        It protects you from cold.
Wands
 q - a wand of digging (9)
Scrolls
 g - a scroll of brand weapon
 j - a scroll of enchant weapon
 u - 5 scrolls of identify
Potions
 b - a potion of magic
 h - 10 potions of curing
 k - 2 potions of cancellation
 o - 2 potions of mutation
 r - a potion of haste
 s - 3 potions of might

Dungeon Overview and Level Annotations

Branches:
Dungeon (15/15)            Temple (1/1) D:4            Lair (5/5) D:11
  Swamp (0/4) Lair:2        Snake (2/4) Lair:3        Slime (0/5) Lair:4
    Orc (2/2) D:12            Elf (0/3) Orc:2        Vaults (0/5) D:13
 Depths (0/4) D:15

Altars:
Ashenzari
Cheibriados
Dithmenos
Elyvilon
Fedhas
Gozag
Hepliaklqana
Kikubaaqudgha
Makhleb
Nemelex Xobeh
Okawaru
Qazlal
Ru
Sif Muna
Trog
Uskayaw
Vehumet
Wu Jian
Xom
Yredelemnul
Zin
The Shining One
Jiyva

Shops:
D:15 :   Orc:2 (((

Annotations:
D:3 2 transporters, qw's ghost, amateur GrFi
D:4 2 runed translucent doors, qw's ghost, novice MiHu
D:5 3 runed translucent doors, qw's ghost, novice MiHu
Lair:1 2 transporters
Lair:2 2 transporters


Message History

Where to? (* - list waypoints, Enter - Snake:1, ? - help)
What level of the Snake Pit? (default 1, ? - help) Sorry, I don't know how to get there.
23309 ||| Stepping randomly (stuck).
(D) Dungeon (T) Temple (L) Lair (S) Swamp (P) Snake Pit (M) Slime Pits (O) Orcish Mines (E) Elven Halls (V) Vaults (U) Depths
Where to? (* - list waypoints, Enter - Snake:1, ? - help)
What level of the Snake Pit? (default 1, ? - help) Sorry, I don't know how to get there.
23310 ||| Stepping randomly (stuck).
(D) Dungeon (T) Temple (L) Lair (S) Swamp (P) Snake Pit (M) Slime Pits (O) Orcish Mines (E) Elven Halls (V) Vaults (U) Depths
Where to? (* - list waypoints, Enter - Snake:1, ? - help)
What level of the Snake Pit? (default 1, ? - help) Sorry, I don't know how to get there.
23311 ||| Stepping randomly (stuck).
(D) Dungeon (T) Temple (L) Lair (S) Swamp (P) Snake Pit (M) Slime Pits (O) Orcish Mines (E) Elven Halls (V) Vaults (U) Depths
Where to? (* - list waypoints, Enter - Snake:1, ? - help)
What level of the Snake Pit? (default 1, ? - help) Sorry, I don't know how to get there.
23312 ||| Stepping randomly (stuck).
(D) Dungeon (T) Temple (L) Lair (S) Swamp (P) Snake Pit (M) Slime Pits (O) Orcish Mines (E) Elven Halls (V) Vaults (U) Depths
Where to? (* - list waypoints, Enter - Snake:1, ? - help)
What level of the Snake Pit? (default 1, ? - help) Sorry, I don't know how to get there.
23313 ||| Stepping randomly (stuck).
(D) Dungeon (T) Temple (L) Lair (S) Swamp (P) Snake Pit (M) Slime Pits (O) Orcish Mines (E) Elven Halls (V) Vaults (U) Depths
Where to? (* - list waypoints, Enter - Snake:1, ? - help)
What level of the Snake Pit? (default 1, ? - help) Sorry, I don't know how to get there.
23314 ||| Stepping randomly (stuck).
Are you sure you want to abandon this character and quit the game? (Confirm with "yes".)

... , , , ..
** ##.# * #..*
* #.### ,
##...# #....#,
, #....#, ,
#.@.## * ##.##
* * , ##..# ,
, ##..## * ,,
#..## * ##.##
* , ####..## *
,,
####......###,
, ,
#...........#
, ###


There were no monsters in sight!

Vanquished Creatures
  Rupert (Orc:2)
  Gastronok (Lair:1)
  Kirke (D:15)
  An orc warlord (Orc:2)
  An ironbound preserver (D:13)
  3 fire dragons
  6 hydras
  A centaur warrior (D:13)
  A catoblepas (Lair:3)
  3 two-headed ogres
  2 death knights (D:15)
  4 boulder beetles
  2 naga warriors (Snake:2)
  A tengu warrior (D:15)
  6 death yaks
  3 orc high priests
  Sonja (Lair:3)
  3 naga sharpshooters (Snake:1)
  A shock serpent (Snake:1)
  2 skysharks (Lair:5)
  3 skeletal warriors (D:14)
  A swamp dragon (Lair:5)
  A naga ritualist (Snake:2)
  A lindwurm (Lair:1)
  A phantasmal warrior (D:15)
  3 orc knights
  4 deep elf pyromancers
  2 wolf spiders
  8 cyclopes
  5 salamanders
  9 orc sorcerers
  9 ugly things
  A manticore (D:14)
  Joseph (D:7)
  A guardian serpent (Lair:5)
  13 black mambas
  8 elephants
  A guardian serpent (shapeshifter) (Lair:2)
  5 naga magi
  2 gargoyles
  A torpor snail (Lair:5)
  14 cane toads
  A komodo dragon (shapeshifter) (Lair:2)
  2 kobold demonologists
  5 rime drakes
  5 komodo dragons
  2 efreet
  2 freezing wraiths (D:15)
  2 tengu conjurers
  4 yaktaurs (D:15)
  3 meliai (D:14)
  13 trolls
  2 hornets (Lair:5)
  7 blink frogs
  2 shadows
  A centaur simulacrum (D:13)
  Sigmund (D:2)
  5 slime creatures
  A golden eye (shapeshifter) (D:13)
  12 wyverns
  40 yaks
  3 wraiths
  A basilisk (shapeshifter) (D:13)
  3 humans (D:15)
  3 hogs (D:15)
  13 vampire mosquitoes
  A redback (Lair:5)
  A redback simulacrum (D:15)
  5 basilisks
  3 steam dragons (Lair:5)
  4 acid dragons
  5 wargs
  12 nagas
  27 water moccasins
  Duvessa (D:7)
  A black bear (shapeshifter) (Lair:2)
  2 ice beasts
  33 orc warriors
  5 black bears
  A sky beast (D:6)
  6 ogres
  12 centaurs
  3 wolves (Lair:2)
  A phantom (D:5)
  3 kobold brigands
  16 bullfrogs
  4 gnoll sergeants
  4 scorpions
  17 wights
  Dowan (D:7)
  4 killer bees
  2 howler monkeys (D:11)
  2 electric eels (Lair:2)
  4 hounds
  23 orc priests
  2 gnoll boudas
  A jelly (D:5)
  6 iguanas
  2 sleepcaps
  7 hell rats (Lair:2)
  37 orc wizards
  Natasha (twice) (D:3)
  Robin (D:3)
  17 gnolls
  6 adders
  A white imp (D:6)
  2 dart slugs
  63 orcs
  4 ball pythons
  10 endoplasms
  6 giant cockroaches
  15 goblins
  16 hobgoblins
  8 jackals
  3 quokkas (D:1)
  7 bats
  2 frilled lizards
  24 kobolds
  9 rats
725 creatures vanquished.

Notes
Turn   | Place    | Note
-------+----------+-------------------------------------------
     0 | D:1      | qw the Minotaur Hunter began the quest for the Orb.
     0 | D:1      | Reached XP level 1. HP: 18/18 MP: 0/0
     0 | D:1      | 0 ||| qw: Version: 0.2-a-117-gc6b5c8b
     0 | D:1      | 0 ||| qw: Game counter: 2636
     0 | D:1      | 0 ||| qw: Always use a shield: true
     0 | D:1      | 0 ||| qw: God list: Okawaru
     0 | D:1      | 0 ||| qw: Allow faded altars: false
     0 | D:1      | 0 ||| qw: Do Orc after D:15 true
     0 | D:1      | 0 ||| qw: Do second Lair branch before Depths: true
     0 | D:1      | 0 ||| qw: Lair rune preference: random
     0 | D:1      | 0 ||| qw: Plans: Normal
     0 | D:1      | 0 ||| PLANNING D:1-11
   122 | D:1      | Reached XP level 2. HP: 25/25 MP: 1/1
   276 | D:1      | Reached skill level 3 in Fighting
   590 | D:1      | Reached XP level 3. HP: 31/31 MP: 2/2
   785 | D:1      | 785 ||| UPGRADING to ring of protection from cold.
   786 | D:1      | 786 ||| READING 3 scrolls labelled WEMIUNWEUX.
   789 | D:1      | 789 ||| DROPPING scroll of butterflies.
   928 | D:2      | 928 ||| FLEEEEING.
  1252 | D:2      | Noticed Sigmund
  1261 | D:2      | 1261 ||| UPGRADING to +0 ring mail.
  1266 | D:2      | 1266 ||| UPGRADING to +0 leather armour.
  1269 | D:2      | HP: 7/31 [Sigmund/+0 scythe (4)]
  1271 | D:2      | 1271 ||| READING 3 scrolls of teleportation.
  1272 | D:2      | 1272 ||| UPGRADING to +0 ring mail.
  1273 | D:2      | 1273 ||| UPGRADING to +0 ring mail.
  1316 | D:2      | Killed Sigmund
  1317 | D:2      | Reached XP level 4. HP: 11/38 MP: 3/3
  1317 | D:2      | Reached XP level 5. HP: 13/45 MP: 4/4
  1435 | D:2      | 1435 ||| UPGRADING to +0 ring mail.
  1445 | D:2      | 1445 ||| DROPPING +0 leather armour.
  1446 | D:2      | 1446 ||| UPGRADING to +0 cloak.
  1451 | D:2      | 1451 ||| UPGRADING to +0 pair of gloves.
  1578 | D:2      | 1578 ||| READING scroll labelled INGAVV NOICW.
  1579 | D:2      | 1579 ||| READING scroll labelled IGRUSULISI.
  1580 | D:2      | 1580 ||| DRINKING 2 coppery potions.
  1635 | D:3      | Found an ancient bone altar of Kikubaaqudgha.
  1637 | D:3      | Found a blossoming altar of Fedhas.
  1757 | D:3      | Found a transporter.
  1797 | D:3      | Found a faded altar of an unknown god.
  1808 | D:3      | Noticed Natasha
  1815 | D:3      | Killed Natasha
  1816 | D:3      | Reached skill level 1 in Armour
  1816 | D:3      | 1816 ||| FLEEEEING.
  1817 | D:3      | 1817 ||| FLEEEEING.
  1818 | D:3      | 1818 ||| FLEEEEING.
  1819 | D:3      | 1819 ||| FLEEEEING.
  1820 | D:3      | 1820 ||| FLEEEEING.
  1821 | D:3      | 1821 ||| FLEEEEING.
  1822 | D:3      | 1822 ||| FLEEEEING.
  1823 | D:3      | 1823 ||| FLEEEEING.
  1824 | D:3      | 1824 ||| FLEEEEING.
  1825 | D:3      | 1825 ||| FLEEEEING.
  1826 | D:3      | 1826 ||| FLEEEEING.
  1827 | D:3      | 1827 ||| FLEEEEING.
  1828 | D:3      | 1828 ||| FLEEEEING.
  1832 | D:3      | 1832 ||| FLEEEEING.
  1833 | D:3      | 1833 ||| FLEEEEING.
  1884 | D:3      | Noticed a black bear
  1885 | D:3      | Noticed Robin
  1895 | D:3      | HP: 10/45 [hobgoblin[Robin] (5)]
  1896 | D:3      | 1896 ||| READING 2 scrolls of teleportation.
  1913 | D:3      | 1913 ||| FLEEEEING.
  1978 | D:3      | Noticed Natasha
  1979 | D:3      | 1979 ||| FLEEEEING.
  1981 | D:3      | 1981 ||| STAIRDANCE
  2134 | D:2      | 2134 ||| READING scroll labelled HYNUTODACU.
  2135 | D:2      | 2135 ||| READING scroll labelled LUYNKOAKKE.
  2341 | D:3      | Killed a black bear
  2342 | D:3      | Reached XP level 6. HP: 41/53 MP: 5/5
  2343 | D:3      | 2343 ||| FLEEEEING.
  2345 | D:3      | 2345 ||| FLEEEEING.
  2346 | D:3      | 2346 ||| FLEEEEING.
  2347 | D:3      | 2347 ||| FLEEEEING.
  2348 | D:3      | 2348 ||| FLEEEEING.
  2349 | D:3      | 2349 ||| FLEEEEING.
  2353 | D:3      | 2353 ||| FLEEEEING.
  2354 | D:3      | 2354 ||| FLEEEEING.
  2355 | D:3      | 2355 ||| FLEEEEING.
  2356 | D:3      | 2356 ||| FLEEEEING.
  2357 | D:3      | 2357 ||| FLEEEEING.
  2362 | D:3      | 2362 ||| FLEEEEING.
  2363 | D:3      | 2363 ||| FLEEEEING.
  2364 | D:3      | 2364 ||| FLEEEEING.
  2470 | D:3      | 2470 ||| Stepping ~*~*~tactically~*~*~ (outnumbered).
  2614 | D:3      | Identified the staff of poison "Qaamposu" {rPois Int+5}
  2664 | D:3      | Noticed qw's ghost (amateur GrFi)
  2666 | D:3      | Found a transporter.
  2714 | D:3      | Killed Natasha
  2789 | D:3      | Killed Robin
  2811 | D:3      | 2811 ||| READING scroll labelled UMISMA YLEUPT.
  2812 | D:3      | 2812 ||| READING scroll labelled UDOESHRUTAWK.
  2813 | D:3      | 2813 ||| DRINKING 2 glowing clear potions.
  2844 | D:4      | Reached XP level 7. HP: 60/60 MP: 6/6
  2867 | D:4      | Found a broken altar of Ashenzari.
  2916 | D:4      | Found a shadowy altar of Dithmenos.
  2975 | D:4      | Found a staircase to the Ecumenical Temple.
  2976 | D:4      | 2976 ||| PLANNING TEMPLE
  2976 | D:4      | 2976 ||| DRINKING 2 emerald potions.
  2977 | D:4      | 2977 ||| DROPPING potion of attraction.
  2991 | Temple   | Entered the Ecumenical Temple
  3009 | Temple   | 3009 ||| PLANNING OKAWARU WORSHIP
  3065 | Temple   | Became a worshipper of Warmaster Okawaru
  3065 | Temple   | 3065 ||| PLANNING D:1-11
  3112 | D:4      | Found a runed translucent door.
  3365 | D:4      | Noticed qw's ghost (novice MiHu)
  3408 | D:4      | Reached skill level 3 in Dodging
  3508 | D:4      | Found a runed translucent door.
  3611 | D:5      | Entered Level 5 of the Dungeon
  3628 | D:5      | 3628 ||| FLEEEEING.
  3629 | D:5      | 3629 ||| FLEEEEING.
  3630 | D:5      | 3630 ||| FLEEEEING.
  3631 | D:5      | 3631 ||| FLEEEEING.
  3632 | D:5      | 3632 ||| STAIRDANCE
  3677 | D:5      | 3677 ||| STAIRDANCE
  3684 | D:4      | HP: 11/61 [gnoll/+0 flail[a gnoll bouda] (6)]
  3685 | D:4      | 3685 ||| READING 3 scrolls of teleportation.
  3686 | D:4      | HP: 4/61 [gnoll/+0 flail[a gnoll bouda] (5)]
  3961 | D:5      | Found a runed translucent gate.
  3961 | D:5      | Noticed qw's ghost (novice MiHu)
  3962 | D:5      | Found a runed translucent gate.
  3962 | D:5      | Identified the +3 leather armour of Divine Intervention
                  | {Fly Str+5}
  3963 | D:5      | Found a runed translucent gate.
  4036 | D:5      | Reached skill level 9 in Ranged Weapons
  4173 | D:5      | 4173 ||| SWAPPING to +0 orcbow.
  4174 | D:5      | 4174 ||| DROPPING +1 shortbow.
  4222 | D:5      | Reached * piety under Okawaru
  4226 | D:5      | 4226 ||| INVOKING Heroism.
  4234 | D:5      | Reached skill level 6 in Fighting
  4234 | D:5      | Reached skill level 1 in Invocations
  4234 | D:5      | Reached XP level 8. HP: 70/70 MP: 4/7
  4269 | D:5      | 4269 ||| INVOKING Heroism.
  4391 | D:5      | 4391 ||| FLEEEEING.
  4401 | D:5      | 4401 ||| DRINKING 2 green potions.
  4402 | D:5      | 4402 ||| DRINKING 2 purple potions.
  4403 | D:5      | 4403 ||| DROPPING potion of invisibility.
  4404 | D:5      | 4404 ||| DROPPING potion of degeneration.
  4415 | D:5      | 4415 ||| FLEEEEING.
  4435 | D:5      | 4435 ||| FLEEEEING.
  4440 | D:5      | 4440 ||| FLEEEEING.
  4441 | D:5      | 4441 ||| FLEEEEING.
  4442 | D:5      | 4442 ||| FLEEEEING.
  4443 | D:5      | 4443 ||| FLEEEEING.
  4444 | D:5      | 4444 ||| FLEEEEING.
  4446 | D:5      | 4446 ||| FLEEEEING.
  4447 | D:5      | 4447 ||| FLEEEEING.
  4449 | D:5      | 4449 ||| FLEEEEING.
  4450 | D:5      | 4450 ||| FLEEEEING.
  4451 | D:5      | 4451 ||| FLEEEEING.
  4452 | D:5      | 4452 ||| FLEEEEING.
  4457 | D:5      | 4457 ||| FLEEEEING.
  4458 | D:5      | 4458 ||| FLEEEEING.
  4459 | D:5      | 4459 ||| FLEEEEING.
  4460 | D:5      | 4460 ||| FLEEEEING.
  4461 | D:5      | 4461 ||| FLEEEEING.
  4462 | D:5      | 4462 ||| FLEEEEING.
  4463 | D:5      | 4463 ||| FLEEEEING.
  4464 | D:5      | 4464 ||| FLEEEEING.
  4465 | D:5      | 4465 ||| FLEEEEING.
  4466 | D:5      | 4466 ||| FLEEEEING.
  4467 | D:5      | 4467 ||| FLEEEEING.
  4468 | D:5      | 4468 ||| FLEEEEING.
  4469 | D:5      | 4469 ||| FLEEEEING.
  4470 | D:5      | 4470 ||| FLEEEEING.
  4471 | D:5      | 4471 ||| FLEEEEING.
  4472 | D:5      | 4472 ||| FLEEEEING.
  4473 | D:5      | 4473 ||| FLEEEEING.
  4474 | D:5      | 4474 ||| FLEEEEING.
  4475 | D:5      | 4475 ||| FLEEEEING.
  4476 | D:5      | 4476 ||| FLEEEEING.
  4477 | D:5      | 4477 ||| FLEEEEING.
  4478 | D:5      | 4478 ||| FLEEEEING.
  4479 | D:5      | 4479 ||| FLEEEEING.
  4480 | D:5      | 4480 ||| FLEEEEING.
  4481 | D:5      | 4481 ||| FLEEEEING.
  4486 | D:5      | 4486 ||| STAIRDANCE
  4518 | D:5      | 4518 ||| STAIRDANCE
  4533 | D:5      | 4533 ||| STAIRDANCE
  4537 | D:5      | 4537 ||| STAIRDANCE
  4559 | D:5      | 4559 ||| STAIRDANCE
  4563 | D:5      | 4563 ||| STAIRDANCE
  4590 | D:5      | 4590 ||| STAIRDANCE
  4594 | D:5      | 4594 ||| STAIRDANCE
  4646 | D:5      | 4646 ||| STAIRDANCE
  4670 | D:5      | 4670 ||| STAIRDANCE
  4674 | D:5      | 4674 ||| STAIRDANCE
  4690 | D:5      | 4690 ||| STAIRDANCE
  4694 | D:5      | 4694 ||| STAIRDANCE
  4698 | D:5      | 4698 ||| STAIRDANCE
  4729 | D:5      | 4729 ||| STAIRDANCE
  4733 | D:5      | 4733 ||| STAIRDANCE
  4737 | D:5      | 4737 ||| STAIRDANCE
  4759 | D:5      | 4759 ||| STAIRDANCE
  4772 | D:5      | 4772 ||| INVOKING Heroism.
  4946 | D:5      | 4946 ||| FLEEEEING.
  4949 | D:5      | 4949 ||| FLEEEEING.
  4950 | D:5      | 4950 ||| FLEEEEING.
  4951 | D:5      | 4951 ||| FLEEEEING.
  4952 | D:5      | 4952 ||| FLEEEEING.
  4953 | D:5      | 4953 ||| FLEEEEING.
  4954 | D:5      | 4954 ||| FLEEEEING.
  4958 | D:5      | 4958 ||| FLEEEEING.
  4959 | D:5      | 4959 ||| FLEEEEING.
  4960 | D:5      | 4960 ||| FLEEEEING.
  4961 | D:5      | 4961 ||| FLEEEEING.
  4962 | D:5      | 4962 ||| FLEEEEING.
  4966 | D:5      | 4966 ||| FLEEEEING.
  4967 | D:5      | 4967 ||| FLEEEEING.
  4968 | D:5      | 4968 ||| FLEEEEING.
  4969 | D:5      | 4969 ||| FLEEEEING.
  4970 | D:5      | 4970 ||| FLEEEEING.
  4971 | D:5      | 4971 ||| FLEEEEING.
  4972 | D:5      | 4972 ||| FLEEEEING.
  4973 | D:5      | 4973 ||| FLEEEEING.
  4974 | D:5      | 4974 ||| FLEEEEING.
  4978 | D:5      | 4978 ||| FLEEEEING.
  4979 | D:5      | 4979 ||| FLEEEEING.
  4980 | D:5      | 4980 ||| FLEEEEING.
  4981 | D:5      | 4981 ||| FLEEEEING.
  5132 | D:5      | 5132 ||| FLEEEEING.
  5136 | D:5      | 5136 ||| FLEEEEING.
  5137 | D:5      | 5137 ||| FLEEEEING.
  5138 | D:5      | 5138 ||| FLEEEEING.
  5139 | D:5      | 5139 ||| FLEEEEING.
  5140 | D:5      | 5140 ||| FLEEEEING.
  5141 | D:5      | 5141 ||| FLEEEEING.
  5145 | D:5      | 5145 ||| FLEEEEING.
  5146 | D:5      | 5146 ||| FLEEEEING.
  5147 | D:5      | 5147 ||| FLEEEEING.
  5148 | D:5      | 5148 ||| FLEEEEING.
  5149 | D:5      | 5149 ||| FLEEEEING.
  5153 | D:5      | 5153 ||| FLEEEEING.
  5154 | D:5      | 5154 ||| FLEEEEING.
  5155 | D:5      | 5155 ||| FLEEEEING.
  5156 | D:5      | 5156 ||| FLEEEEING.
  5157 | D:5      | 5157 ||| FLEEEEING.
  5158 | D:5      | 5158 ||| FLEEEEING.
  5159 | D:5      | 5159 ||| FLEEEEING.
  5160 | D:5      | 5160 ||| FLEEEEING.
  5161 | D:5      | 5161 ||| FLEEEEING.
  5165 | D:5      | 5165 ||| FLEEEEING.
  5166 | D:5      | 5166 ||| FLEEEEING.
  5167 | D:5      | 5167 ||| FLEEEEING.
  5168 | D:5      | 5168 ||| FLEEEEING.
  5172 | D:5      | 5172 ||| INVOKING Heroism.
  5190 | D:5      | Reached skill level 3 in Armour
  5297 | D:5      | 5297 ||| FLEEEEING.
  5303 | D:5      | 5303 ||| FLEEEEING.
  5304 | D:5      | 5304 ||| FLEEEEING.
  5305 | D:5      | 5305 ||| FLEEEEING.
  5306 | D:5      | 5306 ||| FLEEEEING.
  5311 | D:5      | 5311 ||| FLEEEEING.
  5312 | D:5      | 5312 ||| FLEEEEING.
  5313 | D:5      | 5313 ||| FLEEEEING.
  5314 | D:5      | 5314 ||| FLEEEEING.
  5319 | D:5      | 5319 ||| FLEEEEING.
  5320 | D:5      | 5320 ||| FLEEEEING.
  5321 | D:5      | 5321 ||| FLEEEEING.
  5322 | D:5      | 5322 ||| FLEEEEING.
  5323 | D:5      | 5323 ||| FLEEEEING.
  5324 | D:5      | 5324 ||| FLEEEEING.
  5325 | D:5      | 5325 ||| FLEEEEING.
  5326 | D:5      | 5326 ||| FLEEEEING.
  5331 | D:5      | 5331 ||| FLEEEEING.
  5332 | D:5      | 5332 ||| FLEEEEING.
  5333 | D:5      | 5333 ||| FLEEEEING.
  5337 | D:5      | 5337 ||| INVOKING Heroism.
  5481 | D:5      | 5481 ||| READING scroll labelled BAPAFE RENLESE.
  5928 | D:6      | Reached skill level 3 in Invocations
  5928 | D:6      | Reached XP level 9. HP: 72/78 MP: 10/10
  6056 | D:6      | 6056 ||| FLEEEEING.
  6207 | D:6      | Found a hide-covered altar of Uskayaw.
  6208 | D:6      | Found a snail-covered altar of Cheibriados.
  6208 | D:6      | Found a radiant altar of Vehumet.
  6214 | D:6      | 6214 ||| INVOKING Heroism.
  6326 | D:6      | 6326 ||| INVOKING Heroism.
  6469 | D:6      | 6469 ||| INVOKING Heroism.
  6500 | D:6      | 6500 ||| INVOKING Heroism.
  6709 | D:6      | 6709 ||| UPGRADING to +6 ring of dexterity.
  6710 | D:6      | 6710 ||| READING scroll labelled LIAT IDAGID.
  6711 | D:6      | 6711 ||| READING scroll labelled SYIXOM KUTHRO.
  6712 | D:6      | 6712 ||| READING scroll labelled FOQ OFOZUFUR.
  6714 | D:6      | 6714 ||| Stepping ~*~*~tactically~*~*~ (cloud).
  6957 | D:7      | Noticed Joseph
  6964 | D:7      | 6964 ||| INVOKING Heroism.
  6968 | D:7      | Killed Joseph
  6978 | D:7      | Reached ** piety under Okawaru
  7286 | D:7      | Noticed Dowan
  7287 | D:7      | 7287 ||| INVOKING Heroism.
  7288 | D:7      | Noticed Duvessa
  7293 | D:7      | 7293 ||| Stepping ~*~*~tactically~*~*~ (outnumbered).
  7299 | D:7      | Killed Duvessa
  7300 | D:7      | Killed Dowan
  7319 | D:7      | Reached skill level 12 in Ranged Weapons
  7428 | D:7      | 7428 ||| Stepping ~*~*~tactically~*~*~ (outnumbered).
  7454 | D:7      | Found a flagged portal.
  7461 | D:7      | Identified the +6 spear of Departure {vamp, Fly rF- rN+}
  7623 | D:7      | Found a sparkling altar of Nemelex Xobeh.
  7674 | D:7      | 7674 ||| READING scroll labelled KELUZ HUHANIMU.
  7675 | D:7      | 7675 ||| DRINKING 2 murky white potions.
  7676 | D:7      | 7676 ||| DROPPING potion of brilliance.
  7695 | D:8      | Reached XP level 10. HP: 86/86 MP: 12/12
  7699 | D:8      | 7699 ||| STAIRDANCE
  7704 | D:7      | 7704 ||| INVOKING Heroism.
  7883 | D:8      | 7883 ||| FLEEEEING.
  7885 | D:8      | 7885 ||| FLEEEEING.
  7886 | D:8      | 7886 ||| FLEEEEING.
  7887 | D:8      | 7887 ||| FLEEEEING.
  7898 | D:8      | 7898 ||| FLEEEEING.
  7899 | D:8      | 7899 ||| FLEEEEING.
  7900 | D:8      | 7900 ||| FLEEEEING.
  7901 | D:8      | 7901 ||| FLEEEEING.
  7902 | D:8      | 7902 ||| FLEEEEING.
  7903 | D:8      | 7903 ||| FLEEEEING.
  7904 | D:8      | 7904 ||| FLEEEEING.
  7905 | D:8      | 7905 ||| FLEEEEING.
  7906 | D:8      | 7906 ||| FLEEEEING.
  7909 | D:8      | 7909 ||| STAIRDANCE
  7966 | D:7      | 7966 ||| DRINKING 2 sapphire potions.
  7966 | D:7      | Gained mutation: You have a pair of large horns on your
                  | head. [potion of mutation]
  7966 | D:7      | Gained mutation: Your body sometimes deteriorates upon
                  | taking damage. [potion of mutation]
  7966 | D:7      | Gained mutation: You are strong-willed. (Will+) [potion of
                  | mutation]
  7966 | D:7      | Gained mutation: You passively map a small area around you.
                  | [potion of mutation]
  7971 | D:8      | 7971 ||| FLEEEEING.
  7973 | D:8      | 7973 ||| STAIRDANCE
  8083 | D:8      | 8083 ||| Stepping ~*~*~tactically~*~*~ (outnumbered).
  8085 | D:8      | 8085 ||| Stepping ~*~*~tactically~*~*~ (outnumbered).
  8294 | D:8      | Found a sacrificial altar of Ru.
  8315 | D:8      | 8315 ||| READING scroll of enchant armour.
  8315 | D:8      | 8315 ||| ENCHANTING +0 pair of gloves.
  8362 | D:8      | Noticed a two-headed ogre
  8363 | D:8      | 8363 ||| INVOKING Heroism.
  8371 | D:8      | Killed a two-headed ogre
  8431 | D:8      | 8431 ||| UPGRADING to +0 acid dragon scales.
  8441 | D:8      | 8441 ||| DROPPING +0 ring mail.
  8442 | D:8      | 8442 ||| UPGRADING to +2 ring mail of cold resistance.
  8452 | D:8      | 8452 ||| DROPPING +0 robe of cold resistance.
  8453 | D:8      | 8453 ||| READING scroll labelled CICAOG JUBIAWUIWN.
  8591 | D:9      | Found an opulent altar of Gozag.
  8726 | D:9      | 8726 ||| FLEEEEING.
  8727 | D:9      | 8727 ||| FLEEEEING.
  8872 | D:9      | Reached skill level 9 in Fighting
  8919 | D:9      | 8919 ||| Stepping ~*~*~tactically~*~*~ (outnumbered).
  8921 | D:9      | 8921 ||| Stepping ~*~*~tactically~*~*~ (outnumbered).
  8926 | D:9      | 8926 ||| Stepping ~*~*~tactically~*~*~ (outnumbered).
  8929 | D:9      | 8929 ||| Stepping ~*~*~tactically~*~*~ (outnumbered).
  8934 | D:9      | 8934 ||| Stepping ~*~*~tactically~*~*~ (outnumbered).
  9097 | D:9      | 9097 ||| INVOKING Heroism.
  9275 | D:9      | Found a glowing silver altar of Zin.
  9279 | D:9      | 9279 ||| DROPPING +0 acid dragon scales.
  9301 | D:10     | Entered Level 10 of the Dungeon
  9327 | D:10     | Reached *** piety under Okawaru
  9457 | D:10     | 9457 ||| Stepping ~*~*~tactically~*~*~ (outnumbered).
  9459 | D:10     | 9459 ||| Stepping ~*~*~tactically~*~*~ (outnumbered).
  9461 | D:10     | 9461 ||| Stepping ~*~*~tactically~*~*~ (outnumbered).
  9719 | D:10     | 9719 ||| INVOKING Heroism.
  9914 | D:10     | Noticed a two-headed ogre
  9915 | D:10     | 9915 ||| INVOKING Heroism.
  9922 | D:10     | Killed a two-headed ogre
  9922 | D:10     | Reached **** piety under Okawaru
  9923 | D:10     | Reached XP level 11. HP: 99/99 MP: 10/13
  9946 | D:10     | Found a white marble altar of Elyvilon.
 10326 | D:11     | Found a staircase to the Lair.
 10336 | D:11     | 10336 ||| INVOKING Heroism.
 10416 | D:11     | 10416 ||| Stepping ~*~*~tactically~*~*~ (outnumbered).
 10426 | D:11     | 10426 ||| INVOKING Heroism.
 10459 | D:11     | 10459 ||| INVOKING Heroism.
 10614 | D:11     | 10614 ||| INVOKING Heroism.
 10740 | D:11     | 10740 ||| INVOKING Heroism.
 10792 | D:11     | 10792 ||| INVOKING Heroism.
 11036 | D:11     | 11036 ||| PLANNING LAIR
 11036 | D:11     | 11036 ||| DROPPING +2 leather armour of willpower.
 11037 | D:11     | 11037 ||| DROPPING +3 leather armour.
 11038 | D:11     | 11038 ||| UPGRADING to +0 troll leather armour.
 11048 | D:11     | 11048 ||| DROPPING +2 ring mail of cold resistance.
 11049 | D:11     | 11049 ||| DROPPING ring of flight.
 11050 | D:11     | 11050 ||| READING scroll labelled GOGYAT EMITAER.
 11091 | D:11     | 11091 ||| DRINKING 2 red potions.
 11092 | D:11     | 11092 ||| READING 6 scrolls of identify.
 11092 | D:11     | 11092 ||| IDENTIFYING metallic blue potion
 11093 | D:11     | 11093 ||| READING 5 scrolls of identify.
 11093 | D:11     | 11093 ||| IDENTIFYING clear potion
 11094 | D:11     | 11094 ||| READING 4 scrolls of identify.
 11094 | D:11     | 11094 ||| IDENTIFYING amethyst potion
 11095 | D:11     | 11095 ||| READING 3 scrolls of identify.
 11095 | D:11     | 11095 ||| IDENTIFYING fuming silvery potion
 11096 | D:11     | 11096 ||| READING 2 scrolls of identify.
 11096 | D:11     | 11096 ||| IDENTIFYING grey potion
 11097 | D:11     | 11097 ||| DROPPING potion of berserk rage.
 11098 | D:11     | 11098 ||| DROPPING potion of ambrosia.
 11099 | D:11     | 11099 ||| DROPPING potion of lignification.
 11100 | D:11     | 11100 ||| DROPPING potion of enlightenment.
 11121 | Lair:1   | Entered Level 1 of the Lair of Beasts
 11184 | Lair:1   | Identified the +6 spear of Wuudue {freeze, Drain Str+5}
 11188 | Lair:1   | 11188 ||| INVOKING Heroism.
 11209 | Lair:1   | Found a transporter.
 11232 | Lair:1   | 11232 ||| INVOKING Heroism.
 11341 | Lair:1   | Reached skill level 9 in Dodging
 11349 | Lair:1   | 11349 ||| INVOKING Heroism.
 11395 | Lair:1   | Identified the +2 robe "Ylie" {rElec Str+3}
 11429 | Lair:1   | Found a transporter.
 11433 | Lair:1   | Reached skill level 15 in Ranged Weapons
 11435 | Lair:1   | Noticed a swamp dragon
 11443 | Lair:1   | Noticed a swamp dragon
 11519 | Lair:1   | 11519 ||| INVOKING Heroism.
 11524 | Lair:1   | Reached skill level 6 in Invocations
 11555 | Lair:1   | Noticed Gastronok
 11556 | Lair:1   | 11556 ||| INVOKING Heroism.
 11572 | Lair:1   | 11572 ||| INVOKING Heroism.
 11575 | Lair:1   | Killed Gastronok
 11728 | Lair:1   | Found a dark tunnel.
 11728 | Lair:1   | Noticed a lindwurm
 11729 | Lair:1   | 11729 ||| INVOKING Heroism.
 11735 | Lair:1   | Killed a lindwurm
 11970 | Lair:1   | 11970 ||| DROPPING +2 robe "Ylie" {rElec Str+3}.
 11971 | Lair:1   | 11971 ||| DROPPING amulet of guardian spirit.
 11972 | Lair:1   | 11972 ||| READING scroll labelled INIEKK JIECISUE.
 12044 | Lair:2   | Reached XP level 12. HP: 106/106 MP: 16/16
 12049 | Lair:2   | 12049 ||| READING scroll of enchant armour.
 12049 | Lair:2   | 12049 ||| ENCHANTING +1 pair of gloves.
 12078 | Lair:2   | Found a transporter.
 12079 | Lair:2   | 12079 ||| INVOKING Heroism.
 12106 | Lair:2   | Reached ***** piety under Okawaru
 12119 | Lair:2   | Identified the +0 ring mail "Tuoremi" {Regen+} (Okawaru
                  | gifted it to you on level 2 of the Lair of Beasts)
 12119 | Lair:2   | Received a gift from Okawaru
 12121 | Lair:2   | 12121 ||| INVOKING Heroism.
 12177 | Lair:2   | 12177 ||| FLEEEEING.
 12182 | Lair:2   | 12182 ||| FLEEEEING.
 12224 | Lair:2   | Found a transporter.
 12244 | Lair:2   | 12244 ||| INVOKING Heroism.
 12270 | Lair:2   | Reached skill level 9 in Invocations
 12336 | Lair:2   | Identified the +9 arbalest of Parsimonious Valour {flame,
                  | rC+ rCorr Int+3 Dex-5}
 12338 | Lair:2   | 12338 ||| SWAPPING to +9 arbalest of Parsimonious Valour
                  | {flame, rC+ rCorr Int+3 Dex-5}.
 12339 | Lair:2   | 12339 ||| DROPPING +0 shortbow of flaming.
 12662 | Lair:2   | Found a staircase to the Swamp.
 12999 | Lair:2   | 12999 ||| DROPPING +0 ring mail "Tuoremi" {Regen+}.
 13014 | Lair:3   | 13014 ||| INVOKING Heroism.
 13019 | Lair:3   | Noticed a seven-headed hydra
 13027 | Lair:3   | Killed a seven-headed hydra
 13051 | Lair:3   | 13051 ||| INVOKING Heroism.
 13142 | Lair:3   | Noticed an eight-headed hydra
 13143 | Lair:3   | 13143 ||| INVOKING Heroism.
 13148 | Lair:3   | Killed an eight-headed hydra
 13283 | Lair:3   | Reached XP level 13. HP: 116/116 MP: 19/19
 13417 | Lair:3   | 13417 ||| INVOKING Heroism.
 13418 | Lair:3   | 13418 ||| INVOKING Finesse.
 13573 | Lair:3   | 13573 ||| INVOKING Heroism.
 13576 | Lair:3   | Received a gift from Okawaru
 13606 | Lair:3   | Found a staircase to the Snake Pit.
 13903 | Lair:3   | Noticed Sonja
 13904 | Lair:3   | 13904 ||| INVOKING Finesse.
 13911 | Lair:3   | Killed Sonja
 14136 | Lair:3   | 14136 ||| UPGRADING to +0 pair of boots.
 14141 | Lair:3   | 14141 ||| UPGRADING to +1 cloak.
 14151 | Lair:3   | 14151 ||| DROPPING +0 cloak.
 14152 | Lair:3   | 14152 ||| READING scroll labelled GETISU ULEQAUCK.
 14181 | Lair:4   | 14181 ||| READING scroll of enchant armour.
 14181 | Lair:4   | 14181 ||| ENCHANTING +0 pair of boots.
 14269 | Lair:4   | 14269 ||| INVOKING Heroism.
 14338 | Lair:4   | 14338 ||| INVOKING Heroism.
 14341 | Lair:4   | Reached skill level 18 in Ranged Weapons
 14501 | Lair:4   | Found a viscous altar of Jiyva.
 14501 | Lair:4   | Found a staircase to the Slime Pits.
 14682 | Lair:4   | 14682 ||| INVOKING Heroism.
 15034 | Lair:5   | Entered Level 5 of the Lair of Beasts
 15091 | Lair:5   | 15091 ||| INVOKING Heroism.
 15092 | Lair:5   | 15092 ||| INVOKING Finesse.
 15102 | Lair:5   | Reached skill level 12 in Fighting
 15113 | Lair:5   | Reached skill level 6 in Armour
 15129 | Lair:5   | 15129 ||| INVOKING Heroism.
 15397 | Lair:5   | 15397 ||| INVOKING Heroism.
 15470 | Lair:5   | 15470 ||| INVOKING Heroism.
 15485 | Lair:5   | 15485 ||| Stepping ~*~*~tactically~*~*~ (cloud).
 15499 | Lair:5   | Noticed a fire dragon
 15501 | Lair:5   | 15501 ||| INVOKING Finesse.
 15506 | Lair:5   | Killed a fire dragon
 15729 | Lair:5   | Paralysed by a hornet for 3 turns
 15733 | Lair:5   | 15733 ||| INVOKING Heroism.
 15735 | Lair:5   | HP: 24/122 [poisoned by a hornet]
 15736 | Lair:5   | 15736 ||| READING 4 scrolls of teleportation.
 15737 | Lair:5   | 15737 ||| DRINKING 3 potions of heal wounds.
 15922 | Lair:5   | Received a gift from Okawaru
 15923 | Lair:5   | Reached XP level 14. HP: 129/129 MP: 20/20
 16165 | Lair:5   | 16165 ||| INVOKING Heroism.
 16387 | Lair:5   | 16387 ||| PLANNING D
 16524 | D:12     | 16524 ||| STAIRDANCE
 16544 | D:11     | 16544 ||| INVOKING Heroism.
 16587 | D:12     | You fall into a shaft and drop 2 floors!
 16687 | D:13     | 16687 ||| INVOKING Heroism.
 16869 | D:13     | 16869 ||| INVOKING Heroism.
 16870 | D:13     | 16870 ||| INVOKING Finesse.
 16877 | D:13     | Reached skill level 12 in Dodging
 16948 | D:13     | Found a gate to the Vaults.
 16948 | D:13     | Noticed an ironbound preserver
 16960 | D:13     | 16960 ||| INVOKING Heroism.
 16962 | D:13     | Killed an ironbound preserver
 17015 | D:13     | 17015 ||| INVOKING Heroism.
 17050 | D:13     | 17050 ||| INVOKING Heroism.
 17113 | D:13     | 17113 ||| READING 5 scrolls of identify.
 17113 | D:13     | 17113 ||| IDENTIFYING bubbling green potion
 17139 | D:12     | Reached skill level 15 in Fighting
 17140 | D:12     | Found a staircase to the Orcish Mines.
 17321 | D:12     | 17321 ||| INVOKING Heroism.
 17496 | D:12     | 17496 ||| DROPPING +3 ring mail.
 17705 | D:13     | 17705 ||| INVOKING Heroism.
 18020 | D:14     | 18020 ||| INVOKING Heroism.
 18028 | D:14     | Received a gift from Okawaru
 18176 | D:14     | 18176 ||| INVOKING Heroism.
 18282 | D:14     | 18282 ||| FLEEEEING.
 18283 | D:14     | 18283 ||| FLEEEEING.
 18298 | D:14     | 18298 ||| INVOKING Heroism.
 18428 | D:14     | 18428 ||| FLEEEEING.
 18429 | D:14     | 18429 ||| FLEEEEING.
 19210 | D:15     | Entered Level 15 of the Dungeon
 19221 | D:15     | 19221 ||| INVOKING Heroism.
 19224 | D:15     | 19224 ||| Stepping ~*~*~tactically~*~*~ (outnumbered).
 19252 | D:15     | Found a staircase to the Depths.
 19348 | D:15     | Identified the ring of Deptam {rC+ Str+2}
 19366 | D:15     | Noticed Kirke
 19367 | D:15     | 19367 ||| INVOKING Heroism.
 19372 | D:15     | Killed Kirke
 19547 | D:15     | 19547 ||| Stepping ~*~*~tactically~*~*~ (outnumbered).
 19553 | D:15     | 19553 ||| FLEEEEING.
 19554 | D:15     | 19554 ||| FLEEEEING.
 19555 | D:15     | 19555 ||| FLEEEEING.
 19561 | D:15     | 19561 ||| INVOKING Heroism.
 19565 | D:15     | Reached skill level 9 in Armour
 19571 | D:15     | HP: 17/134 [phantasmal warrior[a death knight] (20)]
 19572 | D:15     | 19572 ||| READING 7 scrolls of teleportation.
 19573 | D:15     | 19573 ||| DRINKING 3 potions of heal wounds.
 19574 | D:15     | 19574 ||| DRINKING 2 potions of heal wounds.
 19710 | D:15     | Reached XP level 15. HP: 138/140 MP: 21/21
 19729 | D:15     | 19729 ||| INVOKING Heroism.
 19931 | D:15     | Found Neteryh's Book Shop.
 19960 | D:15     | 19960 ||| INVOKING Heroism.
 19965 | D:15     | Received a gift from Okawaru
 20018 | D:15     | Found a glowing golden altar of the Shining One.
 20083 | D:15     | 20083 ||| PLANNING ORC
 20083 | D:15     | 20083 ||| UPGRADING to ring of Deptam {rC+ Str+2}.
 20085 | D:15     | 20085 ||| DROPPING ring of protection from cold.
 20169 | Orc:1    | Entered Level 1 of the Orcish Mines
 20169 | Orc:1    | Found a radiant altar of Vehumet.
 20170 | Orc:1    | 20170 ||| INVOKING Heroism.
 20190 | Orc:1    | 20190 ||| INVOKING Finesse.
 20246 | Orc:1    | 20246 ||| INVOKING Heroism.
 20396 | Orc:1    | 20396 ||| INVOKING Heroism.
 20631 | Orc:2    | Entered Level 2 of the Orcish Mines
 20632 | Orc:2    | 20632 ||| INVOKING Heroism.
 20642 | Orc:2    | 20642 ||| STAIRDANCE
 20642 | Orc:2    | HP: 30/145 [orc knight/+3 halberd (12)]
 20644 | Orc:1    | 20644 ||| READING 6 scrolls of teleportation.
 20645 | Orc:1    | 20645 ||| DRINKING potion of heal wounds.
 20811 | Orc:2    | 20811 ||| INVOKING Heroism.
 20869 | Orc:2    | 20869 ||| INVOKING Heroism.
 21066 | Orc:2    | Found a staircase to the Elven Halls.
 21195 | Orc:2    | 21195 ||| INVOKING Heroism.
 21267 | Orc:2    | 21267 ||| INVOKING Heroism.
 21298 | Orc:2    | Found Zeaseen's Weapon Shop.
 21298 | Orc:2    | Found Quguocw's Weapon Boutique.
 21299 | Orc:2    | Found Paclom's Weapon Boutique.
 21303 | Orc:2    | Found Viryq's General Store.
 21430 | Orc:2    | Noticed Rupert
 21431 | Orc:2    | 21431 ||| INVOKING Heroism.
 21439 | Orc:2    | Killed Rupert
 21627 | Orc:2    | 21627 ||| PLANNING SNAKE:1-3
 21826 | Snake:1  | Entered Level 1 of the Snake Pit
 21832 | Snake:1  | Reached skill level 15 in Dodging
 21845 | Snake:1  | 21845 ||| INVOKING Heroism.
 21865 | Snake:1  | HP: 31/147 [naga sharpshooter/bolt (15)]
 21866 | Snake:1  | 21866 ||| READING 5 scrolls of teleportation.
 21869 | Snake:1  | HP: 15/147 [poisoned by a naga mage (splash of poison)]
 21873 | Snake:1  | 21873 ||| READING 4 scrolls of teleportation.
 21874 | Snake:1  | HP: 9/147 [poisoned by a naga mage (splash of poison)]
 21876 | Snake:1  | 21876 ||| READING 3 scrolls of teleportation.
 21877 | Snake:1  | 21877 ||| INVOKING Heroism.
 21922 | Snake:1  | 21922 ||| INVOKING Heroism.
 22012 | Snake:1  | 22012 ||| INVOKING Heroism.
 22044 | Snake:1  | Identified the +10 spear of the Lame Duck {freeze, *Slow
                  | rF+ rC++}
 22060 | Snake:1  | Reached skill level 18 in Fighting
 22088 | Snake:1  | You fall into a shaft and drop 1 floor!
 22093 | Snake:2  | 22093 ||| INVOKING Heroism.
 22098 | Snake:2  | HP: 29/149 [salamander/+2 trident of pain (10)]
 22099 | Snake:2  | 22099 ||| READING 2 scrolls of teleportation.
 22104 | Snake:2  | 22104 ||| READING scroll of teleportation.
 22204 | Snake:2  | 22204 ||| DROPPING ring of positive energy.
 22205 | Snake:2  | 22205 ||| Stepping randomly (stuck).
 22206 | Snake:2  | 22206 ||| Stepping randomly (stuck).
 22234 | Snake:2  | 22234 ||| Stepping randomly (stuck).
 22235 | Snake:2  | 22235 ||| Stepping randomly (stuck).
 22236 | Snake:2  | 22236 ||| Stepping randomly (stuck).
 22237 | Snake:2  | 22237 ||| Stepping randomly (stuck).
 22238 | Snake:2  | 22238 ||| Stepping randomly (stuck).
 22239 | Snake:2  | 22239 ||| Stepping randomly (stuck).
 22240 | Snake:2  | 22240 ||| Stepping randomly (stuck).
 22241 | Snake:2  | 22241 ||| Stepping randomly (stuck).
 22242 | Snake:2  | 22242 ||| Stepping randomly (stuck).
 22243 | Snake:2  | 22243 ||| Stepping randomly (stuck).
 22244 | Snake:2  | 22244 ||| Stepping randomly (stuck).
 22245 | Snake:2  | 22245 ||| Stepping randomly (stuck).
 22246 | Snake:2  | 22246 ||| Stepping randomly (stuck).
 22247 | Snake:2  | 22247 ||| Stepping randomly (stuck).
 22248 | Snake:2  | 22248 ||| Stepping randomly (stuck).
 22249 | Snake:2  | 22249 ||| Stepping randomly (stuck).
 22250 | Snake:2  | 22250 ||| Stepping randomly (stuck).
 22251 | Snake:2  | 22251 ||| Stepping randomly (stuck).
 22252 | Snake:2  | 22252 ||| Stepping randomly (stuck).
 22253 | Snake:2  | 22253 ||| Stepping randomly (stuck).
 22254 | Snake:2  | 22254 ||| Stepping randomly (stuck).
 22255 | Snake:2  | 22255 ||| Stepping randomly (stuck).
 22256 | Snake:2  | 22256 ||| Stepping randomly (stuck).
 22257 | Snake:2  | 22257 ||| Stepping randomly (stuck).
 22258 | Snake:2  | 22258 ||| Stepping randomly (stuck).
 22259 | Snake:2  | 22259 ||| Stepping randomly (stuck).
 22260 | Snake:2  | 22260 ||| Stepping randomly (stuck).
 22261 | Snake:2  | 22261 ||| Stepping randomly (stuck).
 22262 | Snake:2  | 22262 ||| Stepping randomly (stuck).
 22263 | Snake:2  | 22263 ||| Stepping randomly (stuck).
 22264 | Snake:2  | 22264 ||| Stepping randomly (stuck).
 22265 | Snake:2  | 22265 ||| Stepping randomly (stuck).
 22266 | Snake:2  | 22266 ||| Stepping randomly (stuck).
 22267 | Snake:2  | 22267 ||| Stepping randomly (stuck).
 22268 | Snake:2  | 22268 ||| Stepping randomly (stuck).
 22269 | Snake:2  | 22269 ||| Stepping randomly (stuck).
 22270 | Snake:2  | 22270 ||| Stepping randomly (stuck).
 22271 | Snake:2  | 22271 ||| Stepping randomly (stuck).
 22272 | Snake:2  | 22272 ||| Stepping randomly (stuck).
 22273 | Snake:2  | 22273 ||| Stepping randomly (stuck).
 22274 | Snake:2  | 22274 ||| Stepping randomly (stuck).
 22275 | Snake:2  | 22275 ||| Stepping randomly (stuck).
 22276 | Snake:2  | 22276 ||| Stepping randomly (stuck).
 22277 | Snake:2  | 22277 ||| Stepping randomly (stuck).
 22278 | Snake:2  | 22278 ||| Stepping randomly (stuck).
 22279 | Snake:2  | 22279 ||| Stepping randomly (stuck).
 22280 | Snake:2  | 22280 ||| Stepping randomly (stuck).
 22281 | Snake:2  | 22281 ||| Stepping randomly (stuck).
 22282 | Snake:2  | 22282 ||| Stepping randomly (stuck).
 22283 | Snake:2  | 22283 ||| Stepping randomly (stuck).
 22284 | Snake:2  | 22284 ||| Stepping randomly (stuck).
 22285 | Snake:2  | 22285 ||| Stepping randomly (stuck).
 22286 | Snake:2  | 22286 ||| Stepping randomly (stuck).
 22287 | Snake:2  | 22287 ||| Stepping randomly (stuck).
 22288 | Snake:2  | 22288 ||| Stepping randomly (stuck).
 22289 | Snake:2  | 22289 ||| Stepping randomly (stuck).
 22290 | Snake:2  | 22290 ||| Stepping randomly (stuck).
 22291 | Snake:2  | 22291 ||| Stepping randomly (stuck).
 22292 | Snake:2  | 22292 ||| Stepping randomly (stuck).
 22293 | Snake:2  | 22293 ||| Stepping randomly (stuck).
 22294 | Snake:2  | 22294 ||| Stepping randomly (stuck).
 22295 | Snake:2  | 22295 ||| Stepping randomly (stuck).
 22296 | Snake:2  | 22296 ||| Stepping randomly (stuck).
 22297 | Snake:2  | 22297 ||| Stepping randomly (stuck).
 22298 | Snake:2  | 22298 ||| Stepping randomly (stuck).
 22299 | Snake:2  | 22299 ||| Stepping randomly (stuck).
 22300 | Snake:2  | 22300 ||| Stepping randomly (stuck).
 22301 | Snake:2  | 22301 ||| Stepping randomly (stuck).
 22302 | Snake:2  | 22302 ||| Stepping randomly (stuck).
 22303 | Snake:2  | 22303 ||| Stepping randomly (stuck).
 22304 | Snake:2  | 22304 ||| Stepping randomly (stuck).
 22305 | Snake:2  | 22305 ||| Stepping randomly (stuck).
 22306 | Snake:2  | 22306 ||| Stepping randomly (stuck).
 22307 | Snake:2  | 22307 ||| Stepping randomly (stuck).
 22308 | Snake:2  | 22308 ||| Stepping randomly (stuck).
 22309 | Snake:2  | 22309 ||| Stepping randomly (stuck).
 22310 | Snake:2  | 22310 ||| Stepping randomly (stuck).
 22311 | Snake:2  | 22311 ||| Stepping randomly (stuck).
 22312 | Snake:2  | 22312 ||| Stepping randomly (stuck).
 22313 | Snake:2  | 22313 ||| Stepping randomly (stuck).
 22314 | Snake:2  | 22314 ||| Stepping randomly (stuck).
 22315 | Snake:2  | 22315 ||| Stepping randomly (stuck).
 22316 | Snake:2  | 22316 ||| Stepping randomly (stuck).
 22317 | Snake:2  | 22317 ||| Stepping randomly (stuck).
 22318 | Snake:2  | 22318 ||| Stepping randomly (stuck).
 22319 | Snake:2  | 22319 ||| Stepping randomly (stuck).
 22320 | Snake:2  | 22320 ||| Stepping randomly (stuck).
 22321 | Snake:2  | 22321 ||| Stepping randomly (stuck).
 22322 | Snake:2  | 22322 ||| Stepping randomly (stuck).
 22323 | Snake:2  | 22323 ||| Stepping randomly (stuck).
 22324 | Snake:2  | 22324 ||| Stepping randomly (stuck).
 22325 | Snake:2  | 22325 ||| Stepping randomly (stuck).
 22326 | Snake:2  | 22326 ||| Stepping randomly (stuck).
 22327 | Snake:2  | 22327 ||| Stepping randomly (stuck).
 22328 | Snake:2  | 22328 ||| Stepping randomly (stuck).
 22329 | Snake:2  | 22329 ||| Stepping randomly (stuck).
 22330 | Snake:2  | 22330 ||| Stepping randomly (stuck).
 22331 | Snake:2  | 22331 ||| Stepping randomly (stuck).
 22332 | Snake:2  | 22332 ||| Stepping randomly (stuck).
 22333 | Snake:2  | 22333 ||| Stepping randomly (stuck).
 22334 | Snake:2  | 22334 ||| Stepping randomly (stuck).
 22335 | Snake:2  | 22335 ||| Stepping randomly (stuck).
 22336 | Snake:2  | 22336 ||| Stepping randomly (stuck).
 22337 | Snake:2  | 22337 ||| Stepping randomly (stuck).
 22338 | Snake:2  | 22338 ||| Stepping randomly (stuck).
 22339 | Snake:2  | 22339 ||| Stepping randomly (stuck).
 22340 | Snake:2  | 22340 ||| Stepping randomly (stuck).
 22341 | Snake:2  | 22341 ||| Stepping randomly (stuck).
 22342 | Snake:2  | 22342 ||| Stepping randomly (stuck).
 22343 | Snake:2  | 22343 ||| Stepping randomly (stuck).
 22344 | Snake:2  | 22344 ||| Stepping randomly (stuck).
 22345 | Snake:2  | 22345 ||| Stepping randomly (stuck).
 22346 | Snake:2  | 22346 ||| Stepping randomly (stuck).
 22347 | Snake:2  | 22347 ||| Stepping randomly (stuck).
 22348 | Snake:2  | 22348 ||| Stepping randomly (stuck).
 22349 | Snake:2  | 22349 ||| Stepping randomly (stuck).
 22350 | Snake:2  | 22350 ||| Stepping randomly (stuck).
 22351 | Snake:2  | 22351 ||| Stepping randomly (stuck).
 22352 | Snake:2  | 22352 ||| Stepping randomly (stuck).
 22353 | Snake:2  | 22353 ||| Stepping randomly (stuck).
 22354 | Snake:2  | 22354 ||| Stepping randomly (stuck).
 22355 | Snake:2  | 22355 ||| Stepping randomly (stuck).
 22356 | Snake:2  | 22356 ||| Stepping randomly (stuck).
 22357 | Snake:2  | 22357 ||| Stepping randomly (stuck).
 22358 | Snake:2  | 22358 ||| Stepping randomly (stuck).
 22359 | Snake:2  | 22359 ||| Stepping randomly (stuck).
 22360 | Snake:2  | 22360 ||| Stepping randomly (stuck).
 22361 | Snake:2  | 22361 ||| Stepping randomly (stuck).
 22362 | Snake:2  | 22362 ||| Stepping randomly (stuck).
 22363 | Snake:2  | 22363 ||| Stepping randomly (stuck).
 22364 | Snake:2  | 22364 ||| Stepping randomly (stuck).
 22365 | Snake:2  | 22365 ||| Stepping randomly (stuck).
 22366 | Snake:2  | 22366 ||| Stepping randomly (stuck).
 22367 | Snake:2  | 22367 ||| Stepping randomly (stuck).
 22368 | Snake:2  | 22368 ||| Stepping randomly (stuck).
 22386 | Snake:2  | 22386 ||| INVOKING Heroism.
 22449 | Snake:2  | 22449 ||| Stepping randomly (stuck).
 22450 | Snake:2  | 22450 ||| Stepping randomly (stuck).
 22451 | Snake:2  | 22451 ||| Stepping randomly (stuck).
 22452 | Snake:2  | 22452 ||| Stepping randomly (stuck).
 22453 | Snake:2  | 22453 ||| Stepping randomly (stuck).
 22454 | Snake:2  | 22454 ||| Stepping randomly (stuck).
 22455 | Snake:2  | 22455 ||| Stepping randomly (stuck).
 22456 | Snake:2  | 22456 ||| Stepping randomly (stuck).
 22457 | Snake:2  | 22457 ||| Stepping randomly (stuck).
 22458 | Snake:2  | 22458 ||| Stepping randomly (stuck).
 22459 | Snake:2  | 22459 ||| Stepping randomly (stuck).
 22460 | Snake:2  | 22460 ||| Stepping randomly (stuck).
 22461 | Snake:2  | 22461 ||| Stepping randomly (stuck).
 22462 | Snake:2  | 22462 ||| Stepping randomly (stuck).
 22463 | Snake:2  | 22463 ||| Stepping randomly (stuck).
 22464 | Snake:2  | 22464 ||| Stepping randomly (stuck).
 22465 | Snake:2  | 22465 ||| Stepping randomly (stuck).
 22466 | Snake:2  | 22466 ||| Stepping randomly (stuck).
 22467 | Snake:2  | 22467 ||| Stepping randomly (stuck).
 22468 | Snake:2  | 22468 ||| Stepping randomly (stuck).
 22469 | Snake:2  | 22469 ||| Stepping randomly (stuck).
 22470 | Snake:2  | 22470 ||| Stepping randomly (stuck).
 22471 | Snake:2  | 22471 ||| Stepping randomly (stuck).
 22472 | Snake:2  | 22472 ||| Stepping randomly (stuck).
 22473 | Snake:2  | 22473 ||| Stepping randomly (stuck).
 22474 | Snake:2  | 22474 ||| Stepping randomly (stuck).
 22475 | Snake:2  | 22475 ||| Stepping randomly (stuck).
 22476 | Snake:2  | 22476 ||| Stepping randomly (stuck).
 22477 | Snake:2  | 22477 ||| Stepping randomly (stuck).
 22478 | Snake:2  | 22478 ||| Stepping randomly (stuck).
 22479 | Snake:2  | 22479 ||| Stepping randomly (stuck).
 22480 | Snake:2  | 22480 ||| Stepping randomly (stuck).
 22481 | Snake:2  | 22481 ||| Stepping randomly (stuck).
 22482 | Snake:2  | 22482 ||| Stepping randomly (stuck).
 22483 | Snake:2  | 22483 ||| Stepping randomly (stuck).
 22484 | Snake:2  | 22484 ||| Stepping randomly (stuck).
 22485 | Snake:2  | 22485 ||| Stepping randomly (stuck).
 22486 | Snake:2  | 22486 ||| Stepping randomly (stuck).
 22487 | Snake:2  | 22487 ||| Stepping randomly (stuck).
 22488 | Snake:2  | 22488 ||| Stepping randomly (stuck).
 22489 | Snake:2  | 22489 ||| Stepping randomly (stuck).
 22490 | Snake:2  | 22490 ||| Stepping randomly (stuck).
 22491 | Snake:2  | 22491 ||| Stepping randomly (stuck).
 22492 | Snake:2  | 22492 ||| Stepping randomly (stuck).
 22493 | Snake:2  | 22493 ||| Stepping randomly (stuck).
 22494 | Snake:2  | 22494 ||| Stepping randomly (stuck).
 22495 | Snake:2  | 22495 ||| Stepping randomly (stuck).
 22496 | Snake:2  | 22496 ||| Stepping randomly (stuck).
 22497 | Snake:2  | 22497 ||| Stepping randomly (stuck).
 22498 | Snake:2  | 22498 ||| Stepping randomly (stuck).
 22499 | Snake:2  | 22499 ||| Stepping randomly (stuck).
 22500 | Snake:2  | 22500 ||| Stepping randomly (stuck).
 22501 | Snake:2  | 22501 ||| Stepping randomly (stuck).
 22502 | Snake:2  | 22502 ||| Stepping randomly (stuck).
 22503 | Snake:2  | 22503 ||| Stepping randomly (stuck).
 22504 | Snake:2  | 22504 ||| Stepping randomly (stuck).
 22505 | Snake:2  | 22505 ||| Stepping randomly (stuck).
 22506 | Snake:2  | 22506 ||| Stepping randomly (stuck).
 22507 | Snake:2  | 22507 ||| Stepping randomly (stuck).
 22508 | Snake:2  | 22508 ||| Stepping randomly (stuck).
 22509 | Snake:2  | 22509 ||| Stepping randomly (stuck).
 22510 | Snake:2  | 22510 ||| Stepping randomly (stuck).
 22511 | Snake:2  | 22511 ||| Stepping randomly (stuck).
 22512 | Snake:2  | 22512 ||| Stepping randomly (stuck).
 22513 | Snake:2  | 22513 ||| Stepping randomly (stuck).
 22514 | Snake:2  | 22514 ||| Stepping randomly (stuck).
 22515 | Snake:2  | 22515 ||| Stepping randomly (stuck).
 22516 | Snake:2  | 22516 ||| Stepping randomly (stuck).
 22517 | Snake:2  | 22517 ||| Stepping randomly (stuck).
 22518 | Snake:2  | 22518 ||| Stepping randomly (stuck).
 22519 | Snake:2  | 22519 ||| Stepping randomly (stuck).
 22520 | Snake:2  | 22520 ||| Stepping randomly (stuck).
 22521 | Snake:2  | 22521 ||| Stepping randomly (stuck).
 22522 | Snake:2  | 22522 ||| Stepping randomly (stuck).
 22523 | Snake:2  | 22523 ||| Stepping randomly (stuck).
 22524 | Snake:2  | 22524 ||| Stepping randomly (stuck).
 22525 | Snake:2  | 22525 ||| Stepping randomly (stuck).
 22526 | Snake:2  | 22526 ||| Stepping randomly (stuck).
 22527 | Snake:2  | 22527 ||| Stepping randomly (stuck).
 22528 | Snake:2  | 22528 ||| Stepping randomly (stuck).
 22529 | Snake:2  | 22529 ||| Stepping randomly (stuck).
 22530 | Snake:2  | 22530 ||| Stepping randomly (stuck).
 22531 | Snake:2  | 22531 ||| Stepping randomly (stuck).
 22532 | Snake:2  | 22532 ||| Stepping randomly (stuck).
 22533 | Snake:2  | 22533 ||| Stepping randomly (stuck).
 22534 | Snake:2  | 22534 ||| Stepping randomly (stuck).
 22535 | Snake:2  | 22535 ||| Stepping randomly (stuck).
 22536 | Snake:2  | 22536 ||| Stepping randomly (stuck).
 22537 | Snake:2  | 22537 ||| Stepping randomly (stuck).
 22538 | Snake:2  | 22538 ||| Stepping randomly (stuck).
 22539 | Snake:2  | 22539 ||| Stepping randomly (stuck).
 22540 | Snake:2  | 22540 ||| Stepping randomly (stuck).
 22541 | Snake:2  | 22541 ||| Stepping randomly (stuck).
 22542 | Snake:2  | 22542 ||| Stepping randomly (stuck).
 22543 | Snake:2  | 22543 ||| Stepping randomly (stuck).
 22544 | Snake:2  | 22544 ||| Stepping randomly (stuck).
 22545 | Snake:2  | 22545 ||| Stepping randomly (stuck).
 22546 | Snake:2  | 22546 ||| Stepping randomly (stuck).
 22547 | Snake:2  | 22547 ||| Stepping randomly (stuck).
 22548 | Snake:2  | 22548 ||| Stepping randomly (stuck).
 22549 | Snake:2  | 22549 ||| Stepping randomly (stuck).
 22550 | Snake:2  | 22550 ||| Stepping randomly (stuck).
 22551 | Snake:2  | 22551 ||| Stepping randomly (stuck).
 22552 | Snake:2  | 22552 ||| Stepping randomly (stuck).
 22553 | Snake:2  | 22553 ||| Stepping randomly (stuck).
 22554 | Snake:2  | 22554 ||| Stepping randomly (stuck).
 22555 | Snake:2  | 22555 ||| Stepping randomly (stuck).
 22556 | Snake:2  | 22556 ||| Stepping randomly (stuck).
 22557 | Snake:2  | 22557 ||| Stepping randomly (stuck).
 22558 | Snake:2  | 22558 ||| Stepping randomly (stuck).
 22559 | Snake:2  | 22559 ||| Stepping randomly (stuck).
 22560 | Snake:2  | 22560 ||| Stepping randomly (stuck).
 22561 | Snake:2  | 22561 ||| Stepping randomly (stuck).
 22562 | Snake:2  | 22562 ||| Stepping randomly (stuck).
 22563 | Snake:2  | 22563 ||| Stepping randomly (stuck).
 22564 | Snake:2  | 22564 ||| Stepping randomly (stuck).
 22565 | Snake:2  | 22565 ||| Stepping randomly (stuck).
 22566 | Snake:2  | 22566 ||| Stepping randomly (stuck).
 22567 | Snake:2  | 22567 ||| Stepping randomly (stuck).
 22568 | Snake:2  | 22568 ||| Stepping randomly (stuck).
 22569 | Snake:2  | 22569 ||| Stepping randomly (stuck).
 22570 | Snake:2  | 22570 ||| Stepping randomly (stuck).
 22571 | Snake:2  | 22571 ||| Stepping randomly (stuck).
 22572 | Snake:2  | 22572 ||| Stepping randomly (stuck).
 22573 | Snake:2  | 22573 ||| Stepping randomly (stuck).
 22574 | Snake:2  | 22574 ||| Stepping randomly (stuck).
 22575 | Snake:2  | 22575 ||| Stepping randomly (stuck).
 22576 | Snake:2  | 22576 ||| Stepping randomly (stuck).
 22577 | Snake:2  | 22577 ||| Stepping randomly (stuck).
 22578 | Snake:2  | 22578 ||| Stepping randomly (stuck).
 22579 | Snake:2  | 22579 ||| Stepping randomly (stuck).
 22580 | Snake:2  | 22580 ||| Stepping randomly (stuck).
 22581 | Snake:2  | 22581 ||| Stepping randomly (stuck).
 22582 | Snake:2  | 22582 ||| Stepping randomly (stuck).
 22583 | Snake:2  | 22583 ||| Stepping randomly (stuck).
 22584 | Snake:2  | 22584 ||| Stepping randomly (stuck).
 22585 | Snake:2  | 22585 ||| Stepping randomly (stuck).
 22586 | Snake:2  | 22586 ||| Stepping randomly (stuck).
 22587 | Snake:2  | 22587 ||| Stepping randomly (stuck).
 22588 | Snake:2  | 22588 ||| Stepping randomly (stuck).
 22589 | Snake:2  | 22589 ||| Stepping randomly (stuck).
 22590 | Snake:2  | 22590 ||| Stepping randomly (stuck).
 22591 | Snake:2  | 22591 ||| Stepping randomly (stuck).
 22592 | Snake:2  | 22592 ||| Stepping randomly (stuck).
 22593 | Snake:2  | 22593 ||| Stepping randomly (stuck).
 22594 | Snake:2  | 22594 ||| Stepping randomly (stuck).
 22595 | Snake:2  | 22595 ||| Stepping randomly (stuck).
 22596 | Snake:2  | 22596 ||| Stepping randomly (stuck).
 22597 | Snake:2  | 22597 ||| Stepping randomly (stuck).
 22598 | Snake:2  | 22598 ||| Stepping randomly (stuck).
 22599 | Snake:2  | 22599 ||| Stepping randomly (stuck).
 22600 | Snake:2  | 22600 ||| Stepping randomly (stuck).
 22601 | Snake:2  | 22601 ||| Stepping randomly (stuck).
 22602 | Snake:2  | 22602 ||| Stepping randomly (stuck).
 22603 | Snake:2  | 22603 ||| Stepping randomly (stuck).
 22604 | Snake:2  | 22604 ||| Stepping randomly (stuck).
 22605 | Snake:2  | 22605 ||| Stepping randomly (stuck).
 22606 | Snake:2  | 22606 ||| Stepping randomly (stuck).
 22607 | Snake:2  | 22607 ||| Stepping randomly (stuck).
 22608 | Snake:2  | 22608 ||| Stepping randomly (stuck).
 22609 | Snake:2  | 22609 ||| Stepping randomly (stuck).
 22610 | Snake:2  | 22610 ||| Stepping randomly (stuck).
 22611 | Snake:2  | 22611 ||| Stepping randomly (stuck).
 22612 | Snake:2  | 22612 ||| Stepping randomly (stuck).
 22613 | Snake:2  | 22613 ||| Stepping randomly (stuck).
 22614 | Snake:2  | 22614 ||| Stepping randomly (stuck).
 22615 | Snake:2  | 22615 ||| Stepping randomly (stuck).
 22616 | Snake:2  | 22616 ||| Stepping randomly (stuck).
 22617 | Snake:2  | 22617 ||| Stepping randomly (stuck).
 22618 | Snake:2  | 22618 ||| Stepping randomly (stuck).
 22619 | Snake:2  | 22619 ||| Stepping randomly (stuck).
 22620 | Snake:2  | 22620 ||| Stepping randomly (stuck).
 22621 | Snake:2  | 22621 ||| Stepping randomly (stuck).
 22622 | Snake:2  | 22622 ||| Stepping randomly (stuck).
 22623 | Snake:2  | 22623 ||| Stepping randomly (stuck).
 22624 | Snake:2  | 22624 ||| Stepping randomly (stuck).
 22625 | Snake:2  | 22625 ||| Stepping randomly (stuck).
 22626 | Snake:2  | 22626 ||| Stepping randomly (stuck).
 22627 | Snake:2  | 22627 ||| Stepping randomly (stuck).
 22628 | Snake:2  | 22628 ||| Stepping randomly (stuck).
 22629 | Snake:2  | 22629 ||| Stepping randomly (stuck).
 22630 | Snake:2  | 22630 ||| Stepping randomly (stuck).
 22631 | Snake:2  | 22631 ||| Stepping randomly (stuck).
 22632 | Snake:2  | 22632 ||| Stepping randomly (stuck).
 22633 | Snake:2  | 22633 ||| Stepping randomly (stuck).
 22634 | Snake:2  | 22634 ||| Stepping randomly (stuck).
 22635 | Snake:2  | 22635 ||| Stepping randomly (stuck).
 22636 | Snake:2  | 22636 ||| Stepping randomly (stuck).
 22637 | Snake:2  | 22637 ||| Stepping randomly (stuck).
 22638 | Snake:2  | 22638 ||| Stepping randomly (stuck).
 22639 | Snake:2  | 22639 ||| Stepping randomly (stuck).
 22640 | Snake:2  | 22640 ||| Stepping randomly (stuck).
 22641 | Snake:2  | 22641 ||| Stepping randomly (stuck).
 22642 | Snake:2  | 22642 ||| Stepping randomly (stuck).
 22643 | Snake:2  | 22643 ||| Stepping randomly (stuck).
 22644 | Snake:2  | 22644 ||| Stepping randomly (stuck).
 22645 | Snake:2  | 22645 ||| Stepping randomly (stuck).
 22646 | Snake:2  | 22646 ||| Stepping randomly (stuck).
 22647 | Snake:2  | 22647 ||| Stepping randomly (stuck).
 22648 | Snake:2  | 22648 ||| Stepping randomly (stuck).
 22649 | Snake:2  | 22649 ||| Stepping randomly (stuck).
 22650 | Snake:2  | 22650 ||| Stepping randomly (stuck).
 22651 | Snake:2  | 22651 ||| Stepping randomly (stuck).
 22652 | Snake:2  | 22652 ||| Stepping randomly (stuck).
 22653 | Snake:2  | 22653 ||| Stepping randomly (stuck).
 22654 | Snake:2  | 22654 ||| Stepping randomly (stuck).
 22655 | Snake:2  | 22655 ||| Stepping randomly (stuck).
 22656 | Snake:2  | 22656 ||| Stepping randomly (stuck).
 22657 | Snake:2  | 22657 ||| Stepping randomly (stuck).
 22658 | Snake:2  | 22658 ||| Stepping randomly (stuck).
 22659 | Snake:2  | 22659 ||| Stepping randomly (stuck).
 22660 | Snake:2  | 22660 ||| Stepping randomly (stuck).
 22661 | Snake:2  | 22661 ||| Stepping randomly (stuck).
 22662 | Snake:2  | 22662 ||| Stepping randomly (stuck).
 22663 | Snake:2  | 22663 ||| Stepping randomly (stuck).
 22664 | Snake:2  | 22664 ||| Stepping randomly (stuck).
 22665 | Snake:2  | 22665 ||| Stepping randomly (stuck).
 22666 | Snake:2  | 22666 ||| Stepping randomly (stuck).
 22667 | Snake:2  | 22667 ||| Stepping randomly (stuck).
 22668 | Snake:2  | 22668 ||| Stepping randomly (stuck).
 22669 | Snake:2  | 22669 ||| Stepping randomly (stuck).
 22670 | Snake:2  | 22670 ||| Stepping randomly (stuck).
 22671 | Snake:2  | 22671 ||| Stepping randomly (stuck).
 22672 | Snake:2  | 22672 ||| Stepping randomly (stuck).
 22673 | Snake:2  | 22673 ||| Stepping randomly (stuck).
 22674 | Snake:2  | 22674 ||| Stepping randomly (stuck).
 22675 | Snake:2  | 22675 ||| Stepping randomly (stuck).
 22676 | Snake:2  | 22676 ||| Stepping randomly (stuck).
 22677 | Snake:2  | 22677 ||| Stepping randomly (stuck).
 22678 | Snake:2  | 22678 ||| Stepping randomly (stuck).
 22679 | Snake:2  | 22679 ||| Stepping randomly (stuck).
 22680 | Snake:2  | 22680 ||| Stepping randomly (stuck).
 22681 | Snake:2  | 22681 ||| Stepping randomly (stuck).
 22682 | Snake:2  | 22682 ||| Stepping randomly (stuck).
 22683 | Snake:2  | 22683 ||| Stepping randomly (stuck).
 22684 | Snake:2  | 22684 ||| Stepping randomly (stuck).
 22685 | Snake:2  | 22685 ||| Stepping randomly (stuck).
 22686 | Snake:2  | 22686 ||| Stepping randomly (stuck).
 22687 | Snake:2  | 22687 ||| Stepping randomly (stuck).
 22688 | Snake:2  | 22688 ||| Stepping randomly (stuck).
 22689 | Snake:2  | 22689 ||| Stepping randomly (stuck).
 22690 | Snake:2  | 22690 ||| Stepping randomly (stuck).
 22691 | Snake:2  | 22691 ||| Stepping randomly (stuck).
 22692 | Snake:2  | 22692 ||| Stepping randomly (stuck).
 22693 | Snake:2  | 22693 ||| Stepping randomly (stuck).
 22694 | Snake:2  | 22694 ||| Stepping randomly (stuck).
 22695 | Snake:2  | 22695 ||| Stepping randomly (stuck).
 22696 | Snake:2  | 22696 ||| Stepping randomly (stuck).
 22697 | Snake:2  | 22697 ||| Stepping randomly (stuck).
 22698 | Snake:2  | 22698 ||| Stepping randomly (stuck).
 22699 | Snake:2  | 22699 ||| Stepping randomly (stuck).
 22700 | Snake:2  | 22700 ||| Stepping randomly (stuck).
 22701 | Snake:2  | 22701 ||| Stepping randomly (stuck).
 22702 | Snake:2  | 22702 ||| Stepping randomly (stuck).
 22703 | Snake:2  | 22703 ||| Stepping randomly (stuck).
 22704 | Snake:2  | 22704 ||| Stepping randomly (stuck).
 22705 | Snake:2  | 22705 ||| Stepping randomly (stuck).
 22706 | Snake:2  | 22706 ||| Stepping randomly (stuck).
 22707 | Snake:2  | 22707 ||| Stepping randomly (stuck).
 22708 | Snake:2  | 22708 ||| Stepping randomly (stuck).
 22709 | Snake:2  | 22709 ||| Stepping randomly (stuck).
 22710 | Snake:2  | 22710 ||| Stepping randomly (stuck).
 22711 | Snake:2  | 22711 ||| Stepping randomly (stuck).
 22712 | Snake:2  | 22712 ||| Stepping randomly (stuck).
 22713 | Snake:2  | 22713 ||| Stepping randomly (stuck).
 22714 | Snake:2  | 22714 ||| Stepping randomly (stuck).
 22715 | Snake:2  | 22715 ||| Stepping randomly (stuck).
 22716 | Snake:2  | 22716 ||| Stepping randomly (stuck).
 22717 | Snake:2  | 22717 ||| Stepping randomly (stuck).
 22718 | Snake:2  | 22718 ||| Stepping randomly (stuck).
 22719 | Snake:2  | 22719 ||| Stepping randomly (stuck).
 22720 | Snake:2  | 22720 ||| Stepping randomly (stuck).
 22721 | Snake:2  | 22721 ||| Stepping randomly (stuck).
 22722 | Snake:2  | 22722 ||| Stepping randomly (stuck).
 22723 | Snake:2  | 22723 ||| Stepping randomly (stuck).
 22724 | Snake:2  | 22724 ||| Stepping randomly (stuck).
 22725 | Snake:2  | 22725 ||| Stepping randomly (stuck).
 22726 | Snake:2  | 22726 ||| Stepping randomly (stuck).
 22727 | Snake:2  | 22727 ||| Stepping randomly (stuck).
 22728 | Snake:2  | 22728 ||| Stepping randomly (stuck).
 22729 | Snake:2  | 22729 ||| Stepping randomly (stuck).
 22730 | Snake:2  | 22730 ||| Stepping randomly (stuck).
 22731 | Snake:2  | 22731 ||| Stepping randomly (stuck).
 22732 | Snake:2  | 22732 ||| Stepping randomly (stuck).
 22733 | Snake:2  | 22733 ||| Stepping randomly (stuck).
 22734 | Snake:2  | 22734 ||| Stepping randomly (stuck).
 22735 | Snake:2  | 22735 ||| Stepping randomly (stuck).
 22736 | Snake:2  | 22736 ||| Stepping randomly (stuck).
 22737 | Snake:2  | 22737 ||| Stepping randomly (stuck).
 22738 | Snake:2  | 22738 ||| Stepping randomly (stuck).
 22739 | Snake:2  | 22739 ||| Stepping randomly (stuck).
 22740 | Snake:2  | 22740 ||| Stepping randomly (stuck).
 22741 | Snake:2  | 22741 ||| Stepping randomly (stuck).
 22742 | Snake:2  | 22742 ||| Stepping randomly (stuck).
 22743 | Snake:2  | 22743 ||| Stepping randomly (stuck).
 22744 | Snake:2  | 22744 ||| Stepping randomly (stuck).
 22745 | Snake:2  | 22745 ||| Stepping randomly (stuck).
 22746 | Snake:2  | 22746 ||| Stepping randomly (stuck).
 22747 | Snake:2  | 22747 ||| Stepping randomly (stuck).
 22748 | Snake:2  | 22748 ||| Stepping randomly (stuck).
 22749 | Snake:2  | 22749 ||| Stepping randomly (stuck).
 22750 | Snake:2  | 22750 ||| Stepping randomly (stuck).
 22751 | Snake:2  | 22751 ||| Stepping randomly (stuck).
 22752 | Snake:2  | 22752 ||| Stepping randomly (stuck).
 22753 | Snake:2  | 22753 ||| Stepping randomly (stuck).
 22754 | Snake:2  | 22754 ||| Stepping randomly (stuck).
 22755 | Snake:2  | 22755 ||| Stepping randomly (stuck).
 22756 | Snake:2  | 22756 ||| Stepping randomly (stuck).
 22757 | Snake:2  | 22757 ||| Stepping randomly (stuck).
 22758 | Snake:2  | 22758 ||| Stepping randomly (stuck).
 22759 | Snake:2  | 22759 ||| Stepping randomly (stuck).
 22760 | Snake:2  | 22760 ||| Stepping randomly (stuck).
 22761 | Snake:2  | 22761 ||| Stepping randomly (stuck).
 22762 | Snake:2  | 22762 ||| Stepping randomly (stuck).
 22763 | Snake:2  | 22763 ||| Stepping randomly (stuck).
 22764 | Snake:2  | 22764 ||| Stepping randomly (stuck).
 22765 | Snake:2  | 22765 ||| Stepping randomly (stuck).
 22766 | Snake:2  | 22766 ||| Stepping randomly (stuck).
 22767 | Snake:2  | 22767 ||| Stepping randomly (stuck).
 22768 | Snake:2  | 22768 ||| Stepping randomly (stuck).
 22769 | Snake:2  | 22769 ||| Stepping randomly (stuck).
 22770 | Snake:2  | 22770 ||| Stepping randomly (stuck).
 22771 | Snake:2  | 22771 ||| Stepping randomly (stuck).
 22772 | Snake:2  | 22772 ||| Stepping randomly (stuck).
 22773 | Snake:2  | 22773 ||| Stepping randomly (stuck).
 22774 | Snake:2  | 22774 ||| Stepping randomly (stuck).
 22775 | Snake:2  | 22775 ||| Stepping randomly (stuck).
 22776 | Snake:2  | 22776 ||| Stepping randomly (stuck).
 22777 | Snake:2  | 22777 ||| Stepping randomly (stuck).
 22778 | Snake:2  | 22778 ||| Stepping randomly (stuck).
 22779 | Snake:2  | 22779 ||| Stepping randomly (stuck).
 22780 | Snake:2  | 22780 ||| Stepping randomly (stuck).
 22781 | Snake:2  | 22781 ||| Stepping randomly (stuck).
 22782 | Snake:2  | 22782 ||| Stepping randomly (stuck).
 22783 | Snake:2  | 22783 ||| Stepping randomly (stuck).
 22784 | Snake:2  | 22784 ||| Stepping randomly (stuck).
 22785 | Snake:2  | 22785 ||| Stepping randomly (stuck).
 22786 | Snake:2  | 22786 ||| Stepping randomly (stuck).
 22787 | Snake:2  | 22787 ||| Stepping randomly (stuck).
 22788 | Snake:2  | 22788 ||| Stepping randomly (stuck).
 22789 | Snake:2  | 22789 ||| Stepping randomly (stuck).
 22790 | Snake:2  | 22790 ||| Stepping randomly (stuck).
 22791 | Snake:2  | 22791 ||| Stepping randomly (stuck).
 22792 | Snake:2  | 22792 ||| Stepping randomly (stuck).
 22793 | Snake:2  | 22793 ||| Stepping randomly (stuck).
 22794 | Snake:2  | 22794 ||| Stepping randomly (stuck).
 22795 | Snake:2  | 22795 ||| Stepping randomly (stuck).
 22796 | Snake:2  | 22796 ||| Stepping randomly (stuck).
 22797 | Snake:2  | 22797 ||| Stepping randomly (stuck).
 22798 | Snake:2  | 22798 ||| Stepping randomly (stuck).
 22799 | Snake:2  | 22799 ||| Stepping randomly (stuck).
 22800 | Snake:2  | 22800 ||| Stepping randomly (stuck).
 22801 | Snake:2  | 22801 ||| Stepping randomly (stuck).
 22802 | Snake:2  | 22802 ||| Stepping randomly (stuck).
 22803 | Snake:2  | 22803 ||| Stepping randomly (stuck).
 22804 | Snake:2  | 22804 ||| Stepping randomly (stuck).
 22805 | Snake:2  | 22805 ||| Stepping randomly (stuck).
 22806 | Snake:2  | 22806 ||| Stepping randomly (stuck).
 22807 | Snake:2  | 22807 ||| Stepping randomly (stuck).
 22808 | Snake:2  | 22808 ||| Stepping randomly (stuck).
 22809 | Snake:2  | 22809 ||| Stepping randomly (stuck).
 22810 | Snake:2  | 22810 ||| Stepping randomly (stuck).
 22811 | Snake:2  | 22811 ||| Stepping randomly (stuck).
 22812 | Snake:2  | 22812 ||| Stepping randomly (stuck).
 22813 | Snake:2  | 22813 ||| Stepping randomly (stuck).
 22814 | Snake:2  | 22814 ||| Stepping randomly (stuck).
 22815 | Snake:2  | 22815 ||| Stepping randomly (stuck).
 22816 | Snake:2  | 22816 ||| Stepping randomly (stuck).
 22817 | Snake:2  | 22817 ||| Stepping randomly (stuck).
 22818 | Snake:2  | 22818 ||| Stepping randomly (stuck).
 22819 | Snake:2  | 22819 ||| Stepping randomly (stuck).
 22820 | Snake:2  | 22820 ||| Stepping randomly (stuck).
 22821 | Snake:2  | 22821 ||| Stepping randomly (stuck).
 22822 | Snake:2  | 22822 ||| Stepping randomly (stuck).
 22823 | Snake:2  | 22823 ||| Stepping randomly (stuck).
 22824 | Snake:2  | 22824 ||| Stepping randomly (stuck).
 22825 | Snake:2  | 22825 ||| Stepping randomly (stuck).
 22826 | Snake:2  | 22826 ||| Stepping randomly (stuck).
 22827 | Snake:2  | 22827 ||| Stepping randomly (stuck).
 22828 | Snake:2  | 22828 ||| Stepping randomly (stuck).
 22829 | Snake:2  | 22829 ||| Stepping randomly (stuck).
 22830 | Snake:2  | 22830 ||| Stepping randomly (stuck).
 22831 | Snake:2  | 22831 ||| Stepping randomly (stuck).
 22832 | Snake:2  | 22832 ||| Stepping randomly (stuck).
 22833 | Snake:2  | 22833 ||| Stepping randomly (stuck).
 22834 | Snake:2  | 22834 ||| Stepping randomly (stuck).
 22835 | Snake:2  | 22835 ||| Stepping randomly (stuck).
 22836 | Snake:2  | 22836 ||| Stepping randomly (stuck).
 22837 | Snake:2  | 22837 ||| Stepping randomly (stuck).
 22838 | Snake:2  | 22838 ||| Stepping randomly (stuck).
 22839 | Snake:2  | 22839 ||| Stepping randomly (stuck).
 22840 | Snake:2  | 22840 ||| Stepping randomly (stuck).
 22841 | Snake:2  | 22841 ||| Stepping randomly (stuck).
 22842 | Snake:2  | 22842 ||| Stepping randomly (stuck).
 22843 | Snake:2  | 22843 ||| Stepping randomly (stuck).
 22844 | Snake:2  | 22844 ||| Stepping randomly (stuck).
 22845 | Snake:2  | 22845 ||| Stepping randomly (stuck).
 22846 | Snake:2  | 22846 ||| Stepping randomly (stuck).
 22847 | Snake:2  | 22847 ||| Stepping randomly (stuck).
 22848 | Snake:2  | 22848 ||| Stepping randomly (stuck).
 22849 | Snake:2  | 22849 ||| Stepping randomly (stuck).
 22850 | Snake:2  | 22850 ||| Stepping randomly (stuck).
 22851 | Snake:2  | 22851 ||| Stepping randomly (stuck).
 22852 | Snake:2  | 22852 ||| Stepping randomly (stuck).
 22853 | Snake:2  | 22853 ||| Stepping randomly (stuck).
 22854 | Snake:2  | 22854 ||| Stepping randomly (stuck).
 22855 | Snake:2  | 22855 ||| Stepping randomly (stuck).
 22856 | Snake:2  | 22856 ||| Stepping randomly (stuck).
 22857 | Snake:2  | 22857 ||| Stepping randomly (stuck).
 22858 | Snake:2  | 22858 ||| Stepping randomly (stuck).
 22859 | Snake:2  | 22859 ||| Stepping randomly (stuck).
 22860 | Snake:2  | 22860 ||| Stepping randomly (stuck).
 22861 | Snake:2  | 22861 ||| Stepping randomly (stuck).
 22862 | Snake:2  | 22862 ||| Stepping randomly (stuck).
 22863 | Snake:2  | 22863 ||| Stepping randomly (stuck).
 22864 | Snake:2  | 22864 ||| Stepping randomly (stuck).
 22865 | Snake:2  | 22865 ||| Stepping randomly (stuck).
 22866 | Snake:2  | 22866 ||| Stepping randomly (stuck).
 22867 | Snake:2  | 22867 ||| Stepping randomly (stuck).
 22868 | Snake:2  | 22868 ||| Stepping randomly (stuck).
 22869 | Snake:2  | 22869 ||| Stepping randomly (stuck).
 22870 | Snake:2  | 22870 ||| Stepping randomly (stuck).
 22871 | Snake:2  | 22871 ||| Stepping randomly (stuck).
 22872 | Snake:2  | 22872 ||| Stepping randomly (stuck).
 22873 | Snake:2  | 22873 ||| Stepping randomly (stuck).
 22874 | Snake:2  | 22874 ||| Stepping randomly (stuck).
 22875 | Snake:2  | 22875 ||| Stepping randomly (stuck).
 22876 | Snake:2  | 22876 ||| Stepping randomly (stuck).
 22877 | Snake:2  | 22877 ||| Stepping randomly (stuck).
 22878 | Snake:2  | 22878 ||| Stepping randomly (stuck).
 22879 | Snake:2  | 22879 ||| Stepping randomly (stuck).
 22880 | Snake:2  | 22880 ||| Stepping randomly (stuck).
 22881 | Snake:2  | 22881 ||| Stepping randomly (stuck).
 22882 | Snake:2  | 22882 ||| Stepping randomly (stuck).
 22883 | Snake:2  | 22883 ||| Stepping randomly (stuck).
 22884 | Snake:2  | 22884 ||| Stepping randomly (stuck).
 22885 | Snake:2  | 22885 ||| Stepping randomly (stuck).
 22886 | Snake:2  | 22886 ||| Stepping randomly (stuck).
 22887 | Snake:2  | 22887 ||| Stepping randomly (stuck).
 22888 | Snake:2  | 22888 ||| Stepping randomly (stuck).
 22889 | Snake:2  | 22889 ||| Stepping randomly (stuck).
 22890 | Snake:2  | 22890 ||| Stepping randomly (stuck).
 22891 | Snake:2  | 22891 ||| Stepping randomly (stuck).
 22892 | Snake:2  | 22892 ||| Stepping randomly (stuck).
 22893 | Snake:2  | 22893 ||| Stepping randomly (stuck).
 22894 | Snake:2  | 22894 ||| Stepping randomly (stuck).
 22895 | Snake:2  | 22895 ||| Stepping randomly (stuck).
 22896 | Snake:2  | 22896 ||| Stepping randomly (stuck).
 22897 | Snake:2  | 22897 ||| Stepping randomly (stuck).
 22898 | Snake:2  | 22898 ||| Stepping randomly (stuck).
 22899 | Snake:2  | 22899 ||| Stepping randomly (stuck).
 22900 | Snake:2  | 22900 ||| Stepping randomly (stuck).
 22901 | Snake:2  | 22901 ||| Stepping randomly (stuck).
 22902 | Snake:2  | 22902 ||| Stepping randomly (stuck).
 22903 | Snake:2  | 22903 ||| Stepping randomly (stuck).
 22905 | Snake:2  | 22905 ||| Stepping randomly (stuck).
 22906 | Snake:2  | 22906 ||| Stepping randomly (stuck).
 22907 | Snake:2  | 22907 ||| Stepping randomly (stuck).
 22908 | Snake:2  | 22908 ||| Stepping randomly (stuck).
 22909 | Snake:2  | 22909 ||| Stepping randomly (stuck).
 22910 | Snake:2  | 22910 ||| Stepping randomly (stuck).
 22911 | Snake:2  | 22911 ||| Stepping randomly (stuck).
 22912 | Snake:2  | 22912 ||| Stepping randomly (stuck).
 22913 | Snake:2  | 22913 ||| Stepping randomly (stuck).
 22914 | Snake:2  | 22914 ||| Stepping randomly (stuck).
 22915 | Snake:2  | 22915 ||| Stepping randomly (stuck).
 22916 | Snake:2  | 22916 ||| Stepping randomly (stuck).
 22917 | Snake:2  | 22917 ||| Stepping randomly (stuck).
 22918 | Snake:2  | 22918 ||| Stepping randomly (stuck).
 22919 | Snake:2  | 22919 ||| Stepping randomly (stuck).
 22920 | Snake:2  | 22920 ||| Stepping randomly (stuck).
 22921 | Snake:2  | 22921 ||| Stepping randomly (stuck).
 22922 | Snake:2  | 22922 ||| Stepping randomly (stuck).
 22923 | Snake:2  | 22923 ||| Stepping randomly (stuck).
 22924 | Snake:2  | 22924 ||| Stepping randomly (stuck).
 22925 | Snake:2  | 22925 ||| Stepping randomly (stuck).
 22926 | Snake:2  | 22926 ||| Stepping randomly (stuck).
 22927 | Snake:2  | 22927 ||| Stepping randomly (stuck).
 22928 | Snake:2  | 22928 ||| Stepping randomly (stuck).
 22929 | Snake:2  | 22929 ||| Stepping randomly (stuck).
 22930 | Snake:2  | 22930 ||| Stepping randomly (stuck).
 22931 | Snake:2  | 22931 ||| Stepping randomly (stuck).
 22932 | Snake:2  | 22932 ||| Stepping randomly (stuck).
 22933 | Snake:2  | 22933 ||| Stepping randomly (stuck).
 22934 | Snake:2  | 22934 ||| Stepping randomly (stuck).
 22935 | Snake:2  | 22935 ||| Stepping randomly (stuck).
 22936 | Snake:2  | 22936 ||| Stepping randomly (stuck).
 22937 | Snake:2  | 22937 ||| Stepping randomly (stuck).
 22938 | Snake:2  | 22938 ||| Stepping randomly (stuck).
 22939 | Snake:2  | 22939 ||| Stepping randomly (stuck).
 22940 | Snake:2  | 22940 ||| Stepping randomly (stuck).
 22941 | Snake:2  | 22941 ||| Stepping randomly (stuck).
 22942 | Snake:2  | 22942 ||| Stepping randomly (stuck).
 22943 | Snake:2  | 22943 ||| Stepping randomly (stuck).
 22944 | Snake:2  | 22944 ||| Stepping randomly (stuck).
 22945 | Snake:2  | 22945 ||| Stepping randomly (stuck).
 22946 | Snake:2  | 22946 ||| Stepping randomly (stuck).
 22947 | Snake:2  | 22947 ||| Stepping randomly (stuck).
 22948 | Snake:2  | 22948 ||| Stepping randomly (stuck).
 22949 | Snake:2  | 22949 ||| Stepping randomly (stuck).
 22950 | Snake:2  | 22950 ||| Stepping randomly (stuck).
 22951 | Snake:2  | 22951 ||| Stepping randomly (stuck).
 22952 | Snake:2  | 22952 ||| Stepping randomly (stuck).
 22953 | Snake:2  | 22953 ||| Stepping randomly (stuck).
 22954 | Snake:2  | 22954 ||| Stepping randomly (stuck).
 22955 | Snake:2  | 22955 ||| Stepping randomly (stuck).
 22956 | Snake:2  | 22956 ||| Stepping randomly (stuck).
 22957 | Snake:2  | 22957 ||| Stepping randomly (stuck).
 22958 | Snake:2  | 22958 ||| Stepping randomly (stuck).
 22959 | Snake:2  | 22959 ||| Stepping randomly (stuck).
 22960 | Snake:2  | 22960 ||| Stepping randomly (stuck).
 22961 | Snake:2  | 22961 ||| Stepping randomly (stuck).
 22962 | Snake:2  | 22962 ||| Stepping randomly (stuck).
 22963 | Snake:2  | 22963 ||| Stepping randomly (stuck).
 22964 | Snake:2  | 22964 ||| Stepping randomly (stuck).
 22965 | Snake:2  | 22965 ||| Stepping randomly (stuck).
 22966 | Snake:2  | 22966 ||| Stepping randomly (stuck).
 22967 | Snake:2  | 22967 ||| Stepping randomly (stuck).
 22968 | Snake:2  | 22968 ||| Stepping randomly (stuck).
 22969 | Snake:2  | 22969 ||| Stepping randomly (stuck).
 22970 | Snake:2  | 22970 ||| Stepping randomly (stuck).
 22972 | Snake:2  | 22972 ||| Stepping randomly (stuck).
 22973 | Snake:2  | 22973 ||| Stepping randomly (stuck).
 22974 | Snake:2  | 22974 ||| Stepping randomly (stuck).
 22975 | Snake:2  | 22975 ||| Stepping randomly (stuck).
 22976 | Snake:2  | 22976 ||| Stepping randomly (stuck).
 22977 | Snake:2  | 22977 ||| Stepping randomly (stuck).
 22978 | Snake:2  | 22978 ||| Stepping randomly (stuck).
 22979 | Snake:2  | 22979 ||| Stepping randomly (stuck).
 22980 | Snake:2  | 22980 ||| Stepping randomly (stuck).
 22981 | Snake:2  | 22981 ||| Stepping randomly (stuck).
 22982 | Snake:2  | 22982 ||| Stepping randomly (stuck).
 22983 | Snake:2  | 22983 ||| Stepping randomly (stuck).
 22984 | Snake:2  | 22984 ||| Stepping randomly (stuck).
 22985 | Snake:2  | 22985 ||| Stepping randomly (stuck).
 22986 | Snake:2  | 22986 ||| Stepping randomly (stuck).
 22987 | Snake:2  | 22987 ||| Stepping randomly (stuck).
 22988 | Snake:2  | 22988 ||| Stepping randomly (stuck).
 22989 | Snake:2  | 22989 ||| Stepping randomly (stuck).
 22990 | Snake:2  | 22990 ||| Stepping randomly (stuck).
 22991 | Snake:2  | 22991 ||| Stepping randomly (stuck).
 22992 | Snake:2  | 22992 ||| Stepping randomly (stuck).
 22993 | Snake:2  | 22993 ||| Stepping randomly (stuck).
 22994 | Snake:2  | 22994 ||| Stepping randomly (stuck).
 22995 | Snake:2  | 22995 ||| Stepping randomly (stuck).
 22996 | Snake:2  | 22996 ||| Stepping randomly (stuck).
 22997 | Snake:2  | 22997 ||| Stepping randomly (stuck).
 22998 | Snake:2  | 22998 ||| Stepping randomly (stuck).
 22999 | Snake:2  | 22999 ||| Stepping randomly (stuck).
 23000 | Snake:2  | 23000 ||| Stepping randomly (stuck).
 23001 | Snake:2  | 23001 ||| Stepping randomly (stuck).
 23002 | Snake:2  | 23002 ||| Stepping randomly (stuck).
 23003 | Snake:2  | 23003 ||| Stepping randomly (stuck).
 23004 | Snake:2  | 23004 ||| Stepping randomly (stuck).
 23005 | Snake:2  | 23005 ||| Stepping randomly (stuck).
 23006 | Snake:2  | 23006 ||| Stepping randomly (stuck).
 23007 | Snake:2  | 23007 ||| Stepping randomly (stuck).
 23008 | Snake:2  | 23008 ||| Stepping randomly (stuck).
 23009 | Snake:2  | 23009 ||| Stepping randomly (stuck).
 23010 | Snake:2  | 23010 ||| Stepping randomly (stuck).
 23011 | Snake:2  | 23011 ||| Stepping randomly (stuck).
 23012 | Snake:2  | 23012 ||| Stepping randomly (stuck).
 23013 | Snake:2  | 23013 ||| Stepping randomly (stuck).
 23014 | Snake:2  | 23014 ||| Stepping randomly (stuck).
 23015 | Snake:2  | 23015 ||| Stepping randomly (stuck).
 23016 | Snake:2  | 23016 ||| Stepping randomly (stuck).
 23017 | Snake:2  | 23017 ||| Stepping randomly (stuck).
 23018 | Snake:2  | 23018 ||| Stepping randomly (stuck).
 23019 | Snake:2  | 23019 ||| Stepping randomly (stuck).
 23020 | Snake:2  | 23020 ||| Stepping randomly (stuck).
 23021 | Snake:2  | 23021 ||| Stepping randomly (stuck).
 23022 | Snake:2  | 23022 ||| Stepping randomly (stuck).
 23023 | Snake:2  | 23023 ||| Stepping randomly (stuck).
 23024 | Snake:2  | 23024 ||| Stepping randomly (stuck).
 23025 | Snake:2  | 23025 ||| Stepping randomly (stuck).
 23026 | Snake:2  | 23026 ||| Stepping randomly (stuck).
 23027 | Snake:2  | 23027 ||| Stepping randomly (stuck).
 23028 | Snake:2  | 23028 ||| Stepping randomly (stuck).
 23029 | Snake:2  | 23029 ||| Stepping randomly (stuck).
 23030 | Snake:2  | 23030 ||| Stepping randomly (stuck).
 23031 | Snake:2  | 23031 ||| Stepping randomly (stuck).
 23032 | Snake:2  | 23032 ||| Stepping randomly (stuck).
 23033 | Snake:2  | 23033 ||| Stepping randomly (stuck).
 23034 | Snake:2  | 23034 ||| Stepping randomly (stuck).
 23035 | Snake:2  | 23035 ||| Stepping randomly (stuck).
 23036 | Snake:2  | 23036 ||| Stepping randomly (stuck).
 23037 | Snake:2  | 23037 ||| Stepping randomly (stuck).
 23038 | Snake:2  | 23038 ||| Stepping randomly (stuck).
 23039 | Snake:2  | 23039 ||| Stepping randomly (stuck).
 23040 | Snake:2  | 23040 ||| Stepping randomly (stuck).
 23041 | Snake:2  | 23041 ||| Stepping randomly (stuck).
 23042 | Snake:2  | 23042 ||| Stepping randomly (stuck).
 23043 | Snake:2  | 23043 ||| Stepping randomly (stuck).
 23044 | Snake:2  | 23044 ||| Stepping randomly (stuck).
 23045 | Snake:2  | 23045 ||| Stepping randomly (stuck).
 23046 | Snake:2  | 23046 ||| Stepping randomly (stuck).
 23047 | Snake:2  | 23047 ||| Stepping randomly (stuck).
 23048 | Snake:2  | 23048 ||| Stepping randomly (stuck).
 23049 | Snake:2  | 23049 ||| Stepping randomly (stuck).
 23050 | Snake:2  | 23050 ||| Stepping randomly (stuck).
 23051 | Snake:2  | 23051 ||| Stepping randomly (stuck).
 23052 | Snake:2  | 23052 ||| Stepping randomly (stuck).
 23053 | Snake:2  | 23053 ||| Stepping randomly (stuck).
 23054 | Snake:2  | 23054 ||| Stepping randomly (stuck).
 23055 | Snake:2  | 23055 ||| Stepping randomly (stuck).
 23056 | Snake:2  | 23056 ||| Stepping randomly (stuck).
 23057 | Snake:2  | 23057 ||| Stepping randomly (stuck).
 23058 | Snake:2  | 23058 ||| Stepping randomly (stuck).
 23059 | Snake:2  | 23059 ||| Stepping randomly (stuck).
 23060 | Snake:2  | 23060 ||| Stepping randomly (stuck).
 23061 | Snake:2  | 23061 ||| Stepping randomly (stuck).
 23062 | Snake:2  | 23062 ||| Stepping randomly (stuck).
 23063 | Snake:2  | 23063 ||| Stepping randomly (stuck).
 23064 | Snake:2  | 23064 ||| Stepping randomly (stuck).
 23065 | Snake:2  | 23065 ||| Stepping randomly (stuck).
 23066 | Snake:2  | 23066 ||| Stepping randomly (stuck).
 23067 | Snake:2  | 23067 ||| Stepping randomly (stuck).
 23068 | Snake:2  | 23068 ||| Stepping randomly (stuck).
 23069 | Snake:2  | 23069 ||| Stepping randomly (stuck).
 23070 | Snake:2  | 23070 ||| Stepping randomly (stuck).
 23071 | Snake:2  | 23071 ||| Stepping randomly (stuck).
 23072 | Snake:2  | 23072 ||| Stepping randomly (stuck).
 23073 | Snake:2  | 23073 ||| Stepping randomly (stuck).
 23074 | Snake:2  | 23074 ||| Stepping randomly (stuck).
 23075 | Snake:2  | 23075 ||| Stepping randomly (stuck).
 23076 | Snake:2  | 23076 ||| Stepping randomly (stuck).
 23077 | Snake:2  | 23077 ||| Stepping randomly (stuck).
 23078 | Snake:2  | 23078 ||| Stepping randomly (stuck).
 23079 | Snake:2  | 23079 ||| Stepping randomly (stuck).
 23080 | Snake:2  | 23080 ||| Stepping randomly (stuck).
 23081 | Snake:2  | 23081 ||| Stepping randomly (stuck).
 23082 | Snake:2  | 23082 ||| Stepping randomly (stuck).
 23083 | Snake:2  | 23083 ||| Stepping randomly (stuck).
 23084 | Snake:2  | 23084 ||| Stepping randomly (stuck).
 23085 | Snake:2  | 23085 ||| Stepping randomly (stuck).
 23086 | Snake:2  | 23086 ||| Stepping randomly (stuck).
 23087 | Snake:2  | 23087 ||| Stepping randomly (stuck).
 23088 | Snake:2  | 23088 ||| Stepping randomly (stuck).
 23089 | Snake:2  | 23089 ||| Stepping randomly (stuck).
 23090 | Snake:2  | 23090 ||| Stepping randomly (stuck).
 23091 | Snake:2  | 23091 ||| Stepping randomly (stuck).
 23092 | Snake:2  | 23092 ||| Stepping randomly (stuck).
 23093 | Snake:2  | 23093 ||| Stepping randomly (stuck).
 23094 | Snake:2  | 23094 ||| Stepping randomly (stuck).
 23095 | Snake:2  | 23095 ||| Stepping randomly (stuck).
 23096 | Snake:2  | 23096 ||| Stepping randomly (stuck).
 23097 | Snake:2  | 23097 ||| Stepping randomly (stuck).
 23098 | Snake:2  | 23098 ||| Stepping randomly (stuck).
 23099 | Snake:2  | 23099 ||| Stepping randomly (stuck).
 23100 | Snake:2  | 23100 ||| Stepping randomly (stuck).
 23101 | Snake:2  | 23101 ||| Stepping randomly (stuck).
 23102 | Snake:2  | 23102 ||| Stepping randomly (stuck).
 23103 | Snake:2  | 23103 ||| Stepping randomly (stuck).
 23104 | Snake:2  | 23104 ||| Stepping randomly (stuck).
 23105 | Snake:2  | 23105 ||| Stepping randomly (stuck).
 23106 | Snake:2  | 23106 ||| Stepping randomly (stuck).
 23107 | Snake:2  | 23107 ||| Stepping randomly (stuck).
 23108 | Snake:2  | 23108 ||| Stepping randomly (stuck).
 23109 | Snake:2  | 23109 ||| Stepping randomly (stuck).
 23110 | Snake:2  | 23110 ||| Stepping randomly (stuck).
 23111 | Snake:2  | 23111 ||| Stepping randomly (stuck).
 23112 | Snake:2  | 23112 ||| Stepping randomly (stuck).
 23113 | Snake:2  | 23113 ||| Stepping randomly (stuck).
 23114 | Snake:2  | 23114 ||| Stepping randomly (stuck).
 23115 | Snake:2  | 23115 ||| Stepping randomly (stuck).
 23116 | Snake:2  | 23116 ||| Stepping randomly (stuck).
 23117 | Snake:2  | 23117 ||| Stepping randomly (stuck).
 23118 | Snake:2  | 23118 ||| Stepping randomly (stuck).
 23119 | Snake:2  | 23119 ||| Stepping randomly (stuck).
 23120 | Snake:2  | 23120 ||| Stepping randomly (stuck).
 23121 | Snake:2  | 23121 ||| Stepping randomly (stuck).
 23122 | Snake:2  | 23122 ||| Stepping randomly (stuck).
 23123 | Snake:2  | 23123 ||| Stepping randomly (stuck).
 23124 | Snake:2  | 23124 ||| Stepping randomly (stuck).
 23125 | Snake:2  | 23125 ||| Stepping randomly (stuck).
 23126 | Snake:2  | 23126 ||| Stepping randomly (stuck).
 23127 | Snake:2  | 23127 ||| Stepping randomly (stuck).
 23128 | Snake:2  | 23128 ||| Stepping randomly (stuck).
 23129 | Snake:2  | 23129 ||| Stepping randomly (stuck).
 23130 | Snake:2  | 23130 ||| Stepping randomly (stuck).
 23131 | Snake:2  | 23131 ||| Stepping randomly (stuck).
 23132 | Snake:2  | 23132 ||| Stepping randomly (stuck).
 23133 | Snake:2  | 23133 ||| Stepping randomly (stuck).
 23134 | Snake:2  | 23134 ||| Stepping randomly (stuck).
 23135 | Snake:2  | 23135 ||| Stepping randomly (stuck).
 23136 | Snake:2  | 23136 ||| Stepping randomly (stuck).
 23137 | Snake:2  | 23137 ||| Stepping randomly (stuck).
 23138 | Snake:2  | 23138 ||| Stepping randomly (stuck).
 23139 | Snake:2  | 23139 ||| Stepping randomly (stuck).
 23140 | Snake:2  | 23140 ||| Stepping randomly (stuck).
 23141 | Snake:2  | 23141 ||| Stepping randomly (stuck).
 23142 | Snake:2  | 23142 ||| Stepping randomly (stuck).
 23143 | Snake:2  | 23143 ||| Stepping randomly (stuck).
 23144 | Snake:2  | 23144 ||| Stepping randomly (stuck).
 23145 | Snake:2  | 23145 ||| Stepping randomly (stuck).
 23146 | Snake:2  | 23146 ||| Stepping randomly (stuck).
 23147 | Snake:2  | 23147 ||| Stepping randomly (stuck).
 23148 | Snake:2  | 23148 ||| Stepping randomly (stuck).
 23149 | Snake:2  | 23149 ||| Stepping randomly (stuck).
 23150 | Snake:2  | 23150 ||| Stepping randomly (stuck).
 23151 | Snake:2  | 23151 ||| Stepping randomly (stuck).
 23152 | Snake:2  | 23152 ||| Stepping randomly (stuck).
 23153 | Snake:2  | 23153 ||| Stepping randomly (stuck).
 23154 | Snake:2  | 23154 ||| Stepping randomly (stuck).
 23155 | Snake:2  | 23155 ||| Stepping randomly (stuck).
 23156 | Snake:2  | 23156 ||| Stepping randomly (stuck).
 23157 | Snake:2  | 23157 ||| Stepping randomly (stuck).
 23158 | Snake:2  | 23158 ||| Stepping randomly (stuck).
 23159 | Snake:2  | 23159 ||| Stepping randomly (stuck).
 23160 | Snake:2  | 23160 ||| Stepping randomly (stuck).
 23161 | Snake:2  | 23161 ||| Stepping randomly (stuck).
 23162 | Snake:2  | 23162 ||| Stepping randomly (stuck).
 23163 | Snake:2  | 23163 ||| Stepping randomly (stuck).
 23164 | Snake:2  | 23164 ||| Stepping randomly (stuck).
 23165 | Snake:2  | 23165 ||| Stepping randomly (stuck).
 23166 | Snake:2  | 23166 ||| Stepping randomly (stuck).
 23167 | Snake:2  | 23167 ||| Stepping randomly (stuck).
 23168 | Snake:2  | 23168 ||| Stepping randomly (stuck).
 23169 | Snake:2  | 23169 ||| Stepping randomly (stuck).
 23170 | Snake:2  | 23170 ||| Stepping randomly (stuck).
 23171 | Snake:2  | 23171 ||| Stepping randomly (stuck).
 23172 | Snake:2  | 23172 ||| Stepping randomly (stuck).
 23173 | Snake:2  | 23173 ||| Stepping randomly (stuck).
 23174 | Snake:2  | 23174 ||| Stepping randomly (stuck).
 23175 | Snake:2  | 23175 ||| Stepping randomly (stuck).
 23176 | Snake:2  | 23176 ||| Stepping randomly (stuck).
 23177 | Snake:2  | 23177 ||| Stepping randomly (stuck).
 23178 | Snake:2  | 23178 ||| Stepping randomly (stuck).
 23179 | Snake:2  | 23179 ||| Stepping randomly (stuck).
 23180 | Snake:2  | 23180 ||| Stepping randomly (stuck).
 23181 | Snake:2  | 23181 ||| Stepping randomly (stuck).
 23182 | Snake:2  | 23182 ||| Stepping randomly (stuck).
 23183 | Snake:2  | 23183 ||| Stepping randomly (stuck).
 23184 | Snake:2  | 23184 ||| Stepping randomly (stuck).
 23185 | Snake:2  | 23185 ||| Stepping randomly (stuck).
 23186 | Snake:2  | 23186 ||| Stepping randomly (stuck).
 23187 | Snake:2  | 23187 ||| Stepping randomly (stuck).
 23188 | Snake:2  | 23188 ||| Stepping randomly (stuck).
 23189 | Snake:2  | 23189 ||| Stepping randomly (stuck).
 23190 | Snake:2  | 23190 ||| Stepping randomly (stuck).
 23191 | Snake:2  | 23191 ||| Stepping randomly (stuck).
 23192 | Snake:2  | 23192 ||| Stepping randomly (stuck).
 23193 | Snake:2  | 23193 ||| Stepping randomly (stuck).
 23194 | Snake:2  | 23194 ||| Stepping randomly (stuck).
 23195 | Snake:2  | 23195 ||| Stepping randomly (stuck).
 23196 | Snake:2  | 23196 ||| Stepping randomly (stuck).
 23197 | Snake:2  | 23197 ||| Stepping randomly (stuck).
 23198 | Snake:2  | 23198 ||| Stepping randomly (stuck).
 23199 | Snake:2  | 23199 ||| Stepping randomly (stuck).
 23200 | Snake:2  | 23200 ||| Stepping randomly (stuck).
 23201 | Snake:2  | 23201 ||| Stepping randomly (stuck).
 23202 | Snake:2  | 23202 ||| Stepping randomly (stuck).
 23203 | Snake:2  | 23203 ||| Stepping randomly (stuck).
 23204 | Snake:2  | 23204 ||| Stepping randomly (stuck).
 23205 | Snake:2  | 23205 ||| Stepping randomly (stuck).
 23206 | Snake:2  | 23206 ||| Stepping randomly (stuck).
 23207 | Snake:2  | 23207 ||| Stepping randomly (stuck).
 23208 | Snake:2  | 23208 ||| Stepping randomly (stuck).
 23209 | Snake:2  | 23209 ||| Stepping randomly (stuck).
 23210 | Snake:2  | 23210 ||| Stepping randomly (stuck).
 23211 | Snake:2  | 23211 ||| Stepping randomly (stuck).
 23212 | Snake:2  | 23212 ||| Stepping randomly (stuck).
 23213 | Snake:2  | 23213 ||| Stepping randomly (stuck).
 23214 | Snake:2  | 23214 ||| Stepping randomly (stuck).
 23215 | Snake:2  | 23215 ||| Stepping randomly (stuck).
 23216 | Snake:2  | 23216 ||| Stepping randomly (stuck).
 23217 | Snake:2  | 23217 ||| Stepping randomly (stuck).
 23218 | Snake:2  | 23218 ||| Stepping randomly (stuck).
 23219 | Snake:2  | 23219 ||| Stepping randomly (stuck).
 23220 | Snake:2  | 23220 ||| Stepping randomly (stuck).
 23221 | Snake:2  | 23221 ||| Stepping randomly (stuck).
 23222 | Snake:2  | 23222 ||| Stepping randomly (stuck).
 23223 | Snake:2  | 23223 ||| Stepping randomly (stuck).
 23224 | Snake:2  | 23224 ||| Stepping randomly (stuck).
 23225 | Snake:2  | 23225 ||| Stepping randomly (stuck).
 23226 | Snake:2  | 23226 ||| Stepping randomly (stuck).
 23227 | Snake:2  | 23227 ||| Stepping randomly (stuck).
 23228 | Snake:2  | 23228 ||| Stepping randomly (stuck).
 23229 | Snake:2  | 23229 ||| Stepping randomly (stuck).
 23230 | Snake:2  | 23230 ||| Stepping randomly (stuck).
 23231 | Snake:2  | 23231 ||| Stepping randomly (stuck).
 23232 | Snake:2  | 23232 ||| Stepping randomly (stuck).
 23233 | Snake:2  | 23233 ||| Stepping randomly (stuck).
 23234 | Snake:2  | 23234 ||| Stepping randomly (stuck).
 23235 | Snake:2  | 23235 ||| Stepping randomly (stuck).
 23236 | Snake:2  | 23236 ||| Stepping randomly (stuck).
 23237 | Snake:2  | 23237 ||| Stepping randomly (stuck).
 23238 | Snake:2  | 23238 ||| Stepping randomly (stuck).
 23239 | Snake:2  | 23239 ||| Stepping randomly (stuck).
 23240 | Snake:2  | 23240 ||| Stepping randomly (stuck).
 23241 | Snake:2  | 23241 ||| Stepping randomly (stuck).
 23242 | Snake:2  | 23242 ||| Stepping randomly (stuck).
 23243 | Snake:2  | 23243 ||| Stepping randomly (stuck).
 23244 | Snake:2  | 23244 ||| Stepping randomly (stuck).
 23245 | Snake:2  | 23245 ||| Stepping randomly (stuck).
 23246 | Snake:2  | 23246 ||| Stepping randomly (stuck).
 23247 | Snake:2  | 23247 ||| Stepping randomly (stuck).
 23248 | Snake:2  | 23248 ||| Stepping randomly (stuck).
 23249 | Snake:2  | 23249 ||| Stepping randomly (stuck).
 23250 | Snake:2  | 23250 ||| Stepping randomly (stuck).
 23251 | Snake:2  | 23251 ||| Stepping randomly (stuck).
 23252 | Snake:2  | 23252 ||| Stepping randomly (stuck).
 23253 | Snake:2  | 23253 ||| Stepping randomly (stuck).
 23254 | Snake:2  | 23254 ||| Stepping randomly (stuck).
 23255 | Snake:2  | 23255 ||| Stepping randomly (stuck).
 23256 | Snake:2  | 23256 ||| Stepping randomly (stuck).
 23257 | Snake:2  | 23257 ||| Stepping randomly (stuck).
 23258 | Snake:2  | 23258 ||| Stepping randomly (stuck).
 23259 | Snake:2  | 23259 ||| Stepping randomly (stuck).
 23260 | Snake:2  | 23260 ||| Stepping randomly (stuck).
 23261 | Snake:2  | 23261 ||| Stepping randomly (stuck).
 23262 | Snake:2  | 23262 ||| Stepping randomly (stuck).
 23263 | Snake:2  | 23263 ||| Stepping randomly (stuck).
 23264 | Snake:2  | 23264 ||| Stepping randomly (stuck).
 23265 | Snake:2  | 23265 ||| Stepping randomly (stuck).
 23266 | Snake:2  | 23266 ||| Stepping randomly (stuck).
 23267 | Snake:2  | 23267 ||| Stepping randomly (stuck).
 23268 | Snake:2  | 23268 ||| Stepping randomly (stuck).
 23269 | Snake:2  | 23269 ||| Stepping randomly (stuck).
 23270 | Snake:2  | 23270 ||| Stepping randomly (stuck).
 23271 | Snake:2  | 23271 ||| Stepping randomly (stuck).
 23272 | Snake:2  | 23272 ||| Stepping randomly (stuck).
 23273 | Snake:2  | 23273 ||| Stepping randomly (stuck).
 23274 | Snake:2  | 23274 ||| Stepping randomly (stuck).
 23275 | Snake:2  | 23275 ||| Stepping randomly (stuck).
 23276 | Snake:2  | 23276 ||| Stepping randomly (stuck).
 23277 | Snake:2  | 23277 ||| Stepping randomly (stuck).
 23278 | Snake:2  | 23278 ||| Stepping randomly (stuck).
 23279 | Snake:2  | 23279 ||| Stepping randomly (stuck).
 23280 | Snake:2  | 23280 ||| Stepping randomly (stuck).
 23281 | Snake:2  | 23281 ||| Stepping randomly (stuck).
 23282 | Snake:2  | 23282 ||| Stepping randomly (stuck).
 23283 | Snake:2  | 23283 ||| Stepping randomly (stuck).
 23284 | Snake:2  | 23284 ||| Stepping randomly (stuck).
 23285 | Snake:2  | 23285 ||| Stepping randomly (stuck).
 23286 | Snake:2  | 23286 ||| Stepping randomly (stuck).
 23287 | Snake:2  | 23287 ||| Stepping randomly (stuck).
 23288 | Snake:2  | 23288 ||| Stepping randomly (stuck).
 23289 | Snake:2  | 23289 ||| Stepping randomly (stuck).
 23290 | Snake:2  | 23290 ||| Stepping randomly (stuck).
 23291 | Snake:2  | 23291 ||| Stepping randomly (stuck).
 23292 | Snake:2  | 23292 ||| Stepping randomly (stuck).
 23293 | Snake:2  | 23293 ||| Stepping randomly (stuck).
 23294 | Snake:2  | 23294 ||| Stepping randomly (stuck).
 23295 | Snake:2  | 23295 ||| Stepping randomly (stuck).
 23296 | Snake:2  | 23296 ||| Stepping randomly (stuck).
 23297 | Snake:2  | 23297 ||| Stepping randomly (stuck).
 23298 | Snake:2  | 23298 ||| Stepping randomly (stuck).
 23299 | Snake:2  | 23299 ||| Stepping randomly (stuck).
 23300 | Snake:2  | 23300 ||| Stepping randomly (stuck).
 23301 | Snake:2  | 23301 ||| Stepping randomly (stuck).
 23302 | Snake:2  | 23302 ||| Stepping randomly (stuck).
 23303 | Snake:2  | 23303 ||| Stepping randomly (stuck).
 23304 | Snake:2  | 23304 ||| Stepping randomly (stuck).
 23305 | Snake:2  | 23305 ||| Stepping randomly (stuck).
 23306 | Snake:2  | 23306 ||| Stepping randomly (stuck).
 23307 | Snake:2  | 23307 ||| Stepping randomly (stuck).
 23308 | Snake:2  | 23308 ||| Stepping randomly (stuck).
 23309 | Snake:2  | 23309 ||| Stepping randomly (stuck).
 23310 | Snake:2  | 23310 ||| Stepping randomly (stuck).
 23311 | Snake:2  | 23311 ||| Stepping randomly (stuck).
 23312 | Snake:2  | 23312 ||| Stepping randomly (stuck).
 23313 | Snake:2  | 23313 ||| Stepping randomly (stuck).
 23314 | Snake:2  | 23314 ||| Stepping randomly (stuck).
 23315 | Snake:2  | Quit the game

Levels and vault maps discovered:
D:1:      minmay_arrival_diagonal_passages, layout_basic, serial_bayou,
          serial_bayou_lagoon_b, serial_bayou_shore_a, serial_bayou_lake_a,
          serial_bayou_pond_e, serial_bayou_pond_d
D:2:      layout_loops_ring, kennysheep_generic_room_10, uniq_sigmund
D:3:      minmay_octagon_keep, layout_loops_ring,
          grunt_temple_overflow_growth_and_decay, gammafunk_ghost_mausoleum,
          chequers_ecumenical_altar_island, serial_bayou_pond_e, uniq_natasha,
          uniq_robin
D:4:      layout_basic, kennysheep_mini_moat, nicolae_overflow_hidden_temple,
          minmay_temple_entry_grid, ebering_ghost_sewer_f,
          chequers_serial_rivers_micro_d
D:5:      layout_gridville, biasface_ghost_orc_armoury, sword_in_stone
D:6:      layout_cave_pools, chequers_temple_overflow_statue_of_worship,
          grunt_decor_junction, grunt_ministairs_2
D:7:      layout_loops_ring, nemelex_diamond_rough_becter, enter_bailey_2,
          minivault_19, uniq_joseph, uniq_duvessa
D:8:      layout_rooms, nicolae_ru_awakened_eye, kennysheep_generic_room_14
D:9:      layout_loops_ring, pdpol_temple_overflow_zin_treasury_gozag_greed,
          kennysheep_generic_room_9
D:10:     layout_basic, elyvilon_altar_3, hangedman_abyss_or_decor_lesser_grid,
          billiards_dpeg
D:11:     hangedman_cross_stitches, layout_loops_ring, david_lair_shrubbed
D:12:     layout_rooms, orc_david_3, kennysheep_generic_room_5
D:13:     layout_layer_cave, skrybe_vaults_entry_preservation, kennysheep_nub,
          grunt_decor_mini_mirrors, minmay_bent
D:14:     layout_grid_maze
D:15:     grunt_enter_depths_hoard, layout_long_grid, serial_shops, shop,
          lemuel_tele_altar, uniq_kirke
Temple:   cyrus_temple_forest
Lair:1:   gammafunk_cloud_chamber, layout_long_grid,
          nicolae_volcano_entry_vermiform, grunt_megastairs_5,
          lemuel_fruit_fields, uniq_gastronok
Lair:2:   gammafunk_worm_tunnel, layout_regular_city, swamp_mist_pool,
          wad_woods_road_06, serial_bayou_pond_c, beast_lair_carwin_6
Lair:3:   layout_layer_cave, dummy_snake_entry, grunt_megastairs_1, uniq_sonja
Lair:4:   layout_long_grid, slime_entry_1, minmay_hedge_maze,
          infiniplex_staircase_pool_2
Lair:5:   guppyfry_lair_end_dragon, layout_regular_city,
          hangedman_lair_tendril_chambers
Snake:1:  layout_onion, st_stairs_6
Snake:2:  layout_misc_corridors, grunt_megastairs_4, minmay_shop_star,
          lemuel_fruit_tree
Orc:1:    nicolae_orc_accident_2, layout_caves, basic_altar
Orc:2:    st_orc_mages, layout_caves, uniq_rupert

Skill      XL: |  1  2  3  4  5  6  7  8  9 10 11 12 13 14 15 |
---------------+----------------------------------------------+-----
Ranged Weapons | 5 7 8 9 10 12 14 15 16 18 | 18.0
Fighting       | 3 4 6 7 9 10 11 13 16 18 | 18.0
Armour         | 1 2 3 4 7 9 10 | 10.0
Dodging        | 3 7 8 9 11 13 15 | 15.0
Invocations    | 1 3 4 7 10 | 10.0
Stealth        | |  0.7

Action                     |  1- 3 |  4- 6 |  7- 9 | 10-12 | 13-15 || total
---------------------------+-------+-------+-------+-------+-------++-------
   Fire: Shortbow          |   104 |   146 |    98 |       |       ||   348
         Orcbow            |       |       |   353 |   490 |       ||   843
         Arbalest          |       |       |       |    80 |   952 ||  1032
 Invoke: Heroism           |       |       |    11 |    24 |    42 ||    77
         Finesse           |       |       |       |       |     6 ||     6
    Use: Scroll            |     2 |     7 |     6 |    10 |    11 ||    36
         Potion            |       |     2 |     4 |     2 |     4 ||    12
 Armour: Leather armour    |    17 |       |       |       |       ||    17
         Ring mail         |       |    52 |    70 |    22 |       ||   144
         Troll leather arm |       |       |       |    38 |    71 ||   109
  Dodge: Dodged            |    40 |    59 |   142 |   331 |   461 ||  1033

Table legend:
 A = Non-vault XP
 B = Vault XP
 C = Vault XP percentage of total XP
 D = Non-vault monster count
 E = Vault monster count
 F = Vault count percentage of total count
                 A         B        C        D         E       F
            +---------+---------+-------+---------+---------+-------
      Total |  101238 |   42850 |  29.7 |     521 |     201 |  27.8
            +---------+---------+-------+---------+---------+-------
        D:1 |      41 |       0 |   0.0 |      24 |       0 |   0.0
        D:2 |      37 |     210 |  85.0 |      14 |       1 |   6.7
        D:3 |     238 |     124 |  34.3 |      22 |      29 |  56.9
        D:4 |     356 |     161 |  31.1 |      21 |       2 |   8.7
        D:5 |     724 |     472 |  39.5 |      13 |       4 |  23.5
        D:6 |    1370 |     183 |  11.8 |      19 |       4 |  17.4
        D:7 |     958 |     698 |  42.1 |      33 |       3 |   8.3
        D:8 |    1053 |     830 |  44.1 |      15 |       1 |   6.2
        D:9 |    1021 |      90 |   8.1 |      24 |       1 |   4.0
       D:10 |    2868 |     298 |   9.4 |      17 |       3 |  15.0
       D:11 |    1472 |    3041 |  67.4 |       7 |      11 |  61.1
       D:12 |    3602 |    1455 |  28.8 |       9 |      13 |  59.1
       D:13 |    6138 |    6593 |  51.8 |      24 |      14 |  36.8
       D:14 |    6929 |       0 |   0.0 |      18 |       0 |   0.0
       D:15 |   13702 |    3707 |  21.3 |      32 |       6 |  15.8
     Lair:1 |    3415 |    2384 |  41.1 |      16 |       4 |  20.0
     Lair:2 |    9678 |    1154 |  10.7 |      49 |       7 |  12.5
     Lair:3 |   12840 |    1998 |  13.5 |      33 |       3 |   8.3
     Lair:4 |    2384 |       0 |   0.0 |       9 |       0 |   0.0
     Lair:5 |    6605 |   12273 |  65.0 |      16 |      45 |  73.8
    Snake:1 |    8926 |       0 |   0.0 |      23 |       0 |   0.0
    Snake:2 |    5013 |       0 |   0.0 |      10 |       0 |   0.0
      Orc:1 |    5341 |     649 |  10.8 |      32 |       5 |  13.5
      Orc:2 |    6527 |    6530 |  50.0 |      41 |      45 |  52.3
            +---------+---------+-------+---------+---------+-------
